 Dungeon Crawl Stone Soup version 0.23.2-40-g277498a001 (webtiles) character file.

Game seed: 17837897232222907346

1256283 kkr the Archmage (level 27, -10/176 HPs)
             Began as a Deep Elf Fire Elementalist on Aug 23, 2019.
             Was the Champion of Vehumet.
             Mangled by an ettin zombie (22 damage)
             ... summoned by a shadow demon
             ... summoned by a shadow demon
             ... on level 7 of Tartarus on Sept 11, 2019.
             The game lasted 11:41:37 (111007 turns).

kkr the Archmage (Deep Elf Fire Elementalist)     Turns: 111007, Time: 11:41:39

Health: -10/176    AC: 34    Str:  7 (8)  XL:     27
Magic:  81/81      EV: 33    Int: 31 (32) God:    Vehumet [******]
Gold:   9297       SH: 12    Dex: 15 (16) Spells: 19/80 levels left

rFire    + . .     SeeInvis .   d - +3 rapier of Objectivity {pierce, rN+ MP+9}
rCold    + + +     Gourm    .   D - +3 buckler {AC+3}
rNeg     + + .     Faith    .   j - +1 faerie dragon scales {rElec rF+ MR+ rCorr MP+9 Slay+2}
rPois    +         Spirit   .   t - +0 Maxwell's etheric cage {RegenMP+ *Contam rElec MP+4}
rElec    +         Reflect  .   G - +1 cloak of Starlight {rElec rC+ EV+4 Stlth--}
rCorr    +         Harm     .   F - +3 pair of gauntlets of War {Slay+5}
MR       +++..                  z - +2 pair of boots {run}
Stlth    ..........             u - amulet "Amuumu" {RegenMP +Blink MP+9 Dex-4 Slay+5}
HPRegen  0.39/turn              C - ring of Liberalism {rPois rN+ Str+3 Slay-2} MPRegen 1.22/turn*
                                Y - ring of Epli {Wiz rC+ Dex+5}

@: studying Summonings, silenced, deflect missiles, quick
A: molten scales 1, blurry vision 1, cold resistance 1, deterioration 2, dopey
1, frail 1, low mp 1, screaming 1, shaggy fur 2, subdued magic 1
}: 12/15 runes: decaying, slimy, silver, icy, bone, abyssal, demonic, glowing,
magical, fiery, dark, gossamer
a: Renounce Religion, Evoke Blink


You were on level 7 of Tartarus.
You worshipped Vehumet.
Vehumet was exalted by your worship.
You were not hungry.

You visited 15 branches of the dungeon, and saw 73 of its levels.
You visited Pandemonium 1 time, and saw 16 of its levels.
You visited the Abyss 2 times.
You completed 1 ziggurat, and saw 27 of its levels.
You also visited: Ossuary.

You collected 13001 gold pieces.
You spent 3704 gold pieces at shops.

Inventory:

Hand Weapons
 d - the +3 rapier of Objectivity (weapon) {pierce, rN+ MP+9}
   (You found it on level 5 of the Pits of Slime)

   It inflicts extra damage upon your enemies.
   It protects you from negative energy.
   It affects your magic capacity (+9).
Armour
 j - the +1 faerie dragon scales (worn) {rElec rF+ MR+ rCorr MP+9 Slay+2}
   (You took it off the Enchantress on level 5 of the Depths)

   It affects your accuracy and damage with ranged weapons and melee attacks
   (+2).
   It protects you from fire.
   It insulates you from electricity.
   It affects your resistance to hostile enchantments.
   It affects your magic capacity (+9).
   It provides partial protection from all sources of acid and corrosion.
 t - the +0 Maxwell's etheric cage (worn) {RegenMP+ *Contam rElec MP+4}
   (You acquired it on level 2 of the Abyss)

   It insulates you from electricity.
   It affects your magic capacity (+4).
   It causes magical contamination when unequipped.
 z - a +2 pair of boots of running (worn)
 D - a +3 buckler of protection (worn)
 F - the +3 pair of gauntlets of War (worn) {Slay+5}
   (You found it on level 16 of a ziggurat)

   It affects your accuracy and damage with ranged weapons and melee attacks
   (+5).
 G - the +1 cloak of Starlight (worn) {rElec rC+ EV+4 Stlth--}
   (You bought it in a shop on level 2 of the Orcish Mines)

   It affects your evasion (+4).
   It protects you from cold.
   It insulates you from electricity.
   It makes you much less stealthy.
Jewellery
 f - the amulet of Fixation {Harm *Drain rElec rN+ MR- Dex+4, unknown}
   (You found it on level 7 of Tartarus)

   [amulet of harm]

   It increases damage dealt and taken.
   It affects your dexterity (+4).
   It insulates you from electricity.
   It protects you from negative energy.
   It affects your resistance to hostile enchantments.
   It causes draining when unequipped.
 u - the amulet "Amuumu" (around neck) {RegenMP +Blink MP+9 Dex-4 Slay+5}
   (You found it on level 2 of the Depths)

   [amulet of magic regeneration]

   It increases your magic regeneration.
   It affects your dexterity (-4).
   It affects your accuracy and damage with ranged weapons and melee attacks
   (+5).
   It affects your magic capacity (+9).
   It lets you blink.
 C - the ring of Liberalism (left hand) {rPois rN+ Str+3 Slay-2}
   (You found it on level 3 of the Depths)

   [ring of poison resistance]

   It affects your strength (+3).
   It affects your accuracy and damage with ranged weapons and melee attacks
   (-2).
   It protects you from poison.
   It protects you from negative energy.
 Y - the ring of Epli (right hand) {Wiz rC+ Dex+5}
   (You found it on level 3 of the Depths)

   [ring of wizardry]

   It improves your spell success rate.
   It affects your dexterity (+5).
   It protects you from cold.
Wands
 y - a wand of acid (23)
 K - a wand of scattershot (7)
 S - a wand of clouds (13)
 Z - a wand of iceblast (82)
Scrolls
 b - 11 scrolls of fear
 e - 33 scrolls of teleportation
 g - 3 scrolls of amnesia
 m - 3 scrolls of identify
 o - a scroll of enchant armour
 x - 19 scrolls of magic mapping
 B - 4 scrolls of immolation
 P - 38 scrolls of remove curse
 T - 7 scrolls of blinking
Potions
 k - 6 potions of cancellation
 q - 8 potions of agility
 s - 10 potions of haste
 A - 2 potions of resistance
 E - 25 potions of curing
 I - 4 potions of invisibility
 N - 10 potions of brilliance
Books
 l - a manual of Summonings
Miscellaneous
 a - the horn of Geryon
 i - 15 phantom mirrors
 U - 8 boxes of beasts
 V - 8 sacks of spiders
 W - a lamp of fire (inert)
 X - a lightning rod (inert)
Comestibles
 c - 52 rations


   Skills:
 * Level 26.2 Fighting
 * Level 22.2 Armour
 O Level 27 Dodging
 - Level 2.4 Stealth
 * Level 19.8 Shields
 O Level 27 Spellcasting
 O Level 27 Conjurations
 + Level 16.2 Charms
 + Level 13.8 Summonings
 + Level 14.5 Necromancy
 O Level 27 Fire Magic


You had 19 spell levels left.
You knew the following spells:

 Your Spells              Type           Power        Failure   Level  Hunger
a - Flame Tongue          Conj/Fire      #####        0%          1    None
b - Deflect Missiles      Chrm/Air       ######....   1%          6    None
c - Freezing Cloud        Conj/Ice/Air   ######....   1%          6    None
d - Ignition              Fire           ########..   1%          8    #......
e - Bolt of Magma         Conj/Fire/Erth #######...   0%          5    None
f - Blink                 Tloc           N/A          1%          2    None
g - Orb of Destruction    Conj           ########..   0%          7    None
h - Spellforged Servitor  Conj/Summ      #######...   1%          7    None
i - Passwall              Tmut/Erth      ####....     1%          2    None
j - Fire Storm            Conj/Fire      ########..   1%          9    ####...
k - Lee's Rapid Deconstr  Erth           ####......   2%          5    None
l - Regeneration          Chrm/Necr      #######...   0%          3    None

Your spell library contained the following spells:

 Spells                   Type           Power        Failure   Level  Hunger
 Tornado                  Air            ####......   100%        9    ####...
 Animate Skeleton         Necr           N/A          0%          1    None
 Infusion                 Chrm           ####         0%          1    None
 Magic Dart               Conj           ####         0%          1    None
 Pain                     Necr           ####         0%          1    None
 Shock                    Conj/Air       ####         0%          1    None
 Sting                    Conj/Pois      ####         0%          1    None
 Summon Butterflies       Summ           #######.     0%          1    None
 Summon Small Mammal      Summ           ####         0%          1    None
 Call Imp                 Summ           #######.     0%          2    None
 Corpse Rot               Necr           N/A          0%          2    None
 Searing Ray              Conj           ######       0%          2    None
 Shroud of Golubria       Chrm/Tloc      ######....   0%          2    None
 Song of Slaying          Chrm           #######.     0%          2    None
 Sublimation of Blood     Necr           #######...   0%          2    None
 Swiftness                Chrm/Air       ######..     0%          2    None
 Throw Flame              Conj/Fire      ######       0%          2    None
 Throw Frost              Conj/Ice       ######       0%          2    None
 Call Canine Familiar     Summ           #######.     0%          3    None
 Conjure Flame            Conj/Fire      ########     0%          3    None
 Dazzling Spray           Conj/Hex       ######       0%          3    None
 Inner Flame              Hex/Fire       #######.     0%          3    None
 Static Discharge         Conj/Air       #######.     0%          3    None
 Stone Arrow              Conj/Erth      ######       0%          3    None
 Vampiric Draining        Necr           #######...   0%          3    None
 Animate Dead             Necr           N/A          0%          4    None
 Force Lance              Conj/Tloc      #######.     0%          4    None
 Fulminant Prism          Conj/Hex       #######...   0%          4    None
 Iskenderun's Mystic Bla  Conj           ########     0%          4    None
 Sticky Flame             Conj/Fire      ########     0%          4    None
 Throw Icicle             Conj/Ice       #######.     0%          4    None
 Bolt of Draining         Conj/Necr      #######...   0%          5    None
 Excruciating Wounds      Chrm/Necr      #######...   0%          5    None
 Fireball                 Conj/Fire      ########..   0%          5    None
 Iskenderun's Battlesphe  Conj/Chrm      #######.     0%          5    None
 Bolt of Fire             Conj/Fire      ########..   0%          6    None
 Apportation              Tloc           ####..       1%          1    None
 Beastly Appendage        Tmut           ####..       1%          1    None
 Confusing Touch          Hex            ####..       1%          1    None
 Corona                   Hex            ####...      1%          1    None
 Freeze                   Ice            ####         1%          1    None
 Sandblast                Erth           ####..       1%          1    None
 Ensorcelled Hibernation  Hex/Ice        ####..       1%          2    None
 Poisonous Vapours        Pois/Air       ####..       1%          2    None
 Slow                     Hex            ####....     1%          2    None
 Sticks to Snakes         Tmut           ####....     1%          2    None
 Confuse                  Hex            ####....     1%          3    None
 Gell's Gravitas          Tloc           ####......   1%          3    None
 Ignite Poison            Fire/Tmut/Pois ######..     1%          3    None
 Lesser Beckoning         Tloc           ####......   1%          3    None
 Mephitic Cloud           Conj/Pois/Air  ######..     1%          3    None
 Ozocubu's Armour         Chrm/Ice       ######..     1%          3    None
 Portal Projectile        Hex/Tloc       ####..       1%          3    None
 Recall                   Summ/Tloc      N/A          1%          3    None
 Spectral Weapon          Hex/Chrm       ######..     1%          3    None
 Spider Form              Tmut/Pois      ####......   1%          3    None
 Summon Guardian Golem    Hex/Summ       ######..     1%          3    None
 Teleport Other           Tloc           ####....     1%          3    None
 Tukima's Dance           Hex            ####....     1%          3    None
 Airstrike                Air            ####......   1%          4    None
 Olgreb's Toxic Radiance  Pois           ####....     1%          4    None
 Summon Ice Beast         Ice/Summ       ######..     1%          4    None
 Summon Lightning Spire   Summ/Air       ######..     1%          4    None
 Agony                    Necr           #######.     1%          5    None
 Aura of Abjuration       Summ           #######...   1%          5    None
 Borgnjor's Vile Clutch   Necr/Erth      ######....   1%          5    None
 Dispel Undead            Necr           #######.     1%          5    None
 Irradiate                Conj/Tmut      #######...   1%          5    None
 Lightning Bolt           Conj/Air       #######...   1%          5    None
 Summon Demon             Summ           #######...   1%          5    None
 Summon Forest            Summ/Tloc      ######....   1%          5    None
 Summon Mana Viper        Hex/Summ       ######..     1%          5    None
 Venom Bolt               Conj/Pois      #######...   1%          5    None
 Bolt of Cold             Conj/Ice       #######...   1%          6    None
 Conjure Ball Lightning   Conj/Air       #######...   1%          6    None
 Death Channel            Necr           #######...   1%          6    None
 Iron Shot                Conj/Erth      #######...   1%          6    None
 Poison Arrow             Conj/Pois      #######...   1%          6    None
 Shadow Creatures         Summ           N/A          1%          6    None
 Simulacrum               Ice/Necr       ######....   1%          6    None
 Haunt                    Necr/Summ      #######...   1%          7    None
 Monstrous Menagerie      Summ           #######...   1%          7    None
 Ring of Flames           Chrm/Fire      #######...   1%          7    None
 Summon Greater Demon     Summ           #######...   1%          7    None
 Summon Hydra             Summ           #######...   1%          7    None
 Cause Fear               Hex            ####......   2%          4    None
 Ice Form                 Ice/Tmut       ####....     2%          4    None
 Leda's Liquefaction      Hex/Erth       ####......   2%          4    None
 Passage of Golubria      Tloc           N/A          2%          4    None
 Petrify                  Tmut/Erth      ####....     2%          4    None
 Yara's Violent Unravell  Hex/Tmut       ####......   2%          5    None
 Chain Lightning          Conj/Air       #######...   2%          8    #......
 Lehudib's Crystal Spear  Conj/Erth      #######...   2%          8    #......
 Death's Door             Chrm/Necr      #######...   3%          8    #......
 Borgnjor's Revivificati  Necr           #######...   4%          8    #......
 Infestation              Necr           #######...   4%          8    #......
 Summon Horrible Things   Summ           #######...   6%          8    #......
 Alistair's Intoxication  Tmut/Pois      ####....     8%          5    None
 Blade Hands              Tmut           ####......   8%          5    None
 Metabolic Englaciation   Hex/Ice        ####......   8%          5    None
 Silence                  Hex/Air        ####......   8%          5    None
 Ozocubu's Refrigeration  Ice            ####......   12%         6    None
 Malign Gateway           Summ/Tloc      ######....   13%         7    None
 Glaciate                 Conj/Ice       #######...   28%         9    ####...
 Darkness                 Hex            ####......   38%         6    None
 Dispersal                Tloc           ####......   38%         6    None
 Hydra Form               Tmut           ####......   38%         6    None
 Invisibility             Hex            ####....     38%         6    None
 Statue Form              Tmut/Erth      ####.....    38%         6    None
 Necromutation            Tmut/Necr      ######....   65%         8    #......
 Dragon's Call            Summ           #######...   65%         9    ####...
 Dragon Form              Tmut           ####......   90%         7    None
 Discord                  Hex            ####......   100%        8    #......
 Shatter                  Erth           ####......   100%        9    ####...


Dungeon Overview and Level Annotations

Branches:
Dungeon (15/15)            Temple (1/1) D:7            Lair (6/6) D:10
  Swamp (4/4) Lair:3       Spider (4/4) Lair:2        Slime (5/5) Lair:5
    Orc (2/2) D:11            Elf (3/3) Orc:2        Vaults (5/5) D:13
  Crypt (3/3) Vaults:3       Tomb (0/3) Crypt:3      Depths (5/5) D:15
   Hell (1/1)                 Dis (0/7) Hell            Coc (7/7) Hell
    Tar (6/7) Hell            Zot (5/5) Depths:5
    Geh: Hell:1

Altars:
Ashenzari
Cheibriados
Dithmenos
Elyvilon
Fedhas
Gozag
Hepliaklqana
Kikubaaqudgha
Makhleb
Nemelex Xobeh
Okawaru
Qazlal
Ru
Sif Muna
Trog
Uskayaw
Vehumet
Wu Jian
Xom
Yredelemnul
Zin
The Shining One
Jiyva

Shops:
D:5 %   D:9 *   D:11 *   D:15 !   Orc:2 *[:(   Vaults:2 !   Vaults:3 **

Portals:
Hell: Lair:6 Depths:1 Depths:2 Depths:3 Depths:4 Depths:5
Abyss: Depths:3 Depths:4
Pandemonium: Depths:2 Depths:3


Innate Abilities, Weirdness & Mutations

You are partially covered in molten scales. (AC +2)
Scrolls take you a little longer to read.
Your flesh is cold resistant. (rC+)
Your body often deteriorates upon taking damage.
You are dopey. (Int -2)
You are frail. (-10% HP)
Your magical capacity is low. (-10% MP)
You occasionally shout uncontrollably at your foes.
You are covered in thick fur. (AC +2)
Your spells are a little easier to cast, but a little less powerful.


Message History

Unknown command.
The tormentor calls on the powers of darkness!
Your body is wracked with pain!
* * * LOW HITPOINT WARNING * * *
The shadow demon is engulfed in spectral mist.
The shadow demon dies!
The eight-headed hydra zombie dissolves into shadows!
The soul eater disappears in a puff of smoke!
The hellwing disappears in a puff of smoke!
The orange demon disappears in a puff of smoke!
The necrophage dissolves into shadows!
The sun demon is engulfed in spectral mist.
The ghost crab breathes spectral mist at you.
The spectral mist engulfs the shadow demon but does no damage.
The tormentor is engulfed in spectral mist.
The hellwing is engulfed in spectral mist.
The sun demon is engulfed in spectral mist.
The shadow demon is engulfed in spectral mist.
The ettin zombie hits you!!
You die...

...... ###.... #.#...
############ ###.#.######
......☼§4..# ..#........#
#..§2☼Z§.Z# ...........#
###tt○z####
....).###########§§W.§☼§..#
##...........#.#☼Z2§n3..W.##
....#..........#@42.#.§....#
#####....W.....#....########
....#######....#....#Dvvv..#
....#.....#.......#####....#
....#.....####...##vv.#v...#
..######..#......#....###..#
..#.......#......#....#....#
..#......##..#...#........##
..#..#....#########......##


You could see a skeletal warrior, 2 ghost crabs, a sun demon, 2 shadow demons, a
hellwing, a rust devil, a silent spectre, a spectral snapping turtle, a
tormentor, a necrophage and an ettin zombie.

Vanquished Creatures
  Antaeus (Coc:7)
  Dissolution (Slime:2)
  the Royal Jelly (Slime:5)
  14 pandemonium lords
  Ereshkigal (Tar:7)
  Gloorx Vloq (Pan)
  Mnoleg (Pan)
  A seraph (Pan)
  Lom Lobon (Pan)
  The ghost of Muyguirph the Axe Maniac, a legendary HOGl of Zin (Zot:3)
  An orb of fire (Zig:5)
  7 ancient liches
  Khufu (Crypt:3)
  Mennas (Crypt:1)
  The ghost of Rihien the Slayer, a legendary DsWn of Uskayaw (Zot:4)
  A greater mummy (Crypt:2)
  10 juggernauts
  5 shard shrikes
  Bai Suzhen (Crypt:2)
  10 Killer Klowns
  4 curse toes
  Xtahua (Crypt:2)
  Saint Roka (Depths:5)
  19 golden dragons
  Geryon (Hell)
  Jory (Crypt:1)
  15 bone dragons
  the Enchantress (Depths:5)
  A profane servitor (Zig:18)
  17 Tzitzimimeh
  An electric golem (Zot:4)
  3 doom hounds
  The ghost of Juza the Peltast, a veteran GrFi of Trog (Depths:3)
  3 Brimstone Fiends (Pan)
  Jorgrun (Spider:1)
  A hellephant (Zig:24)
  17 liches
  6 Hell Sentinels
  18 tentacled monstrosities
  9 Ice Fiends
  6 Orb Guardians (Zot:5)
  Asterion (Vaults:1)
  8 titans
  The ghost of rlgrobin the Executioner, an adept DDFi of Makhleb (Vaults:3)
  10 quicksilver dragons
  22 deep elf blademasters
  21 acid blobs
  9 deep elf master archers
  7 death cobs
  14 tentacled starspawn
  Frances (Swamp:1)
  An eldritch tentacle (Coc:7)
  8 sphinxes
  15 Executioners (Pan)
  16 ancient champions
  4 thorn hunters
  7 draconian monks
  14 shadow dragons
  7 warmongers
  18 storm dragons
  14 tengu reavers
  An azure jelly (shapeshifter) (Zig:17)
  6 revenants
  13 azure jellies
  18 fire giants
  22 nagarajas
  17 daevas (Pan)
  The ghost of NeAGen181 the Warrior, a journeyman HOMo of Beogh (Spider:2)
  Kirke (D:13)
  24 cacodemons
  6 blood saints
  5 corrupters (Pan)
  13 orc warlords
  2 fire giants (shapeshifter)
  11 ghost moths
  10 balrugs (Pan)
  15 frost giants
  8 curse skulls
  12 deep elf sorcerers
  8 draconian knights
  4 emperor scorpions
  A spectral caustic shrike (Zig:18)
  2 iron dragons
  The ghost of FishyPogo the Fighter, a journeyman MiFi of Yredelemnul (Swamp:2)
  14 vault wardens
  Aizul (Vaults:1)
  14 draconian scorchers
  23 angels
  14 ironheart preservers
  11 draconian shifters
  5 deep elf elementalists
  A spectral juggernaut (Depths:3)
  41 reapers
  8 ghouls
  3 spriggan defenders (Depths:5)
  3 war gargoyles (Vaults:5)
  12 draconian annihilators
  6 draconian stormcallers
  9 ophanim (Pan)
  5 elemental wellsprings
  38 very ugly things
  11 vampire knights
  32 stone giants
  6 entropy weavers
  15 green draconians
  15 black draconians
  31 starcursed masses
  21 deep elf demonologists
  14 white draconians
  7 black suns
  11 apis (Pan)
  7 lorocyprocas
  18 yellow draconians
  29 deep elf annihilators
  A dire elephant (Lair:6)
  A spark wasp (shapeshifter) (Zig:17)
  12 red draconians
  A dire elephant (shapeshifter) (Zig:17)
  13 ettins
  7 spark wasps
  11 purple draconians
  The ghost of kalagan the Eclecticist, a journeyman DESu of Sif Muna (Elf:2)
  17 eidola
  19 blizzard demons
  2 crystal guardians
  A merfolk javelineer (Depths:5)
  A mummy priest (Crypt:3)
  12 yaktaur captains
  10 jiangshi
  9 deep elf death magi
  8 death oozes
  11 great orbs of eyes
  Snorg (Lair:4)
  2 spectral krakens (Tar:7)
  28 green deaths
  The ghost of kalagan the Eclecticist, a journeyman DESu of Sif Muna (Swamp:1)
  27 vault guards
  5 quicksilver dragon zombies
  13 fire dragons
  25 deep elf high priests
  2 spectral tengu (Zig:18)
  2 caustic shrike simulacra (Depths:3)
  25 hydras
  3 quicksilver dragon skeletons
  3 naga warriors (Zig:26)
  10 rakshasas
  34 ice dragons
  Erolcha (D:10)
  5 ghost crabs
  4 monstrous demonspawn (Pan)
  4 anacondas (Zig:26)
  8 shambling mangroves
  12 centaur warriors
  7 spriggan air magi
  44 two-headed ogres
  7 death knights
  2 hell beasts
  3 anacondas (shapeshifter)
  2 merfolk aquamancers (Zig:22)
  Erica (D:11)
  A two-headed ogre (shapeshifter) (Zig:12)
  18 deep troll shamans
  15 ogre magi
  41 dancing weapons
  11 orc high priests
  15 alligators
  7 spriggan berserkers
  16 deep troll earth magi
  3 death yaks (Lair:6)
  3 hell hogs
  6 thrashing horrors
  9 vampire magi
  A spectral storm dragon (Depths:3)
  A titan zombie (Coc:6)
  A storm dragon zombie (Coc:4)
  19 hell knights
  5 shock serpents (Zig:26)
  8 wretched stars
  8 naga sharpshooters (Zig:26)
  41 soul eaters
  36 sun demons
  Sonja (D:11)
  34 deep elf knights
  A titan skeleton (Vaults:5)
  A fire crab (shapeshifter) (Vaults:5)
  23 sixfirhies
  17 death drakes
  2 spatial maelstroms
  2 storm dragon skeletons
  20 iron trolls
  15 shadow wraiths
  48 skeletal warriors
  7 glowing orange brains
  2 golden dragon zombies
  15 cherubim (Pan)
  A ghost moth zombie (Crypt:1)
  3 salamander mystics
  3 infernal demonspawn (Pan)
  A fire crab (Zig:5)
  50 deep trolls
  6 torturous demonspawn
  6 gelid demonspawn (Pan)
  21 shadow demons
  2 naga ritualists (Zig:26)
  7 unseen horrors
  15 flayed ghosts
  10 swamp dragons
  2 obsidian statues
  2 glowing orange brains (shapeshifter)
  9 anaconda zombies
  20 phantasmal warriors
  13 wizards
  4 spectral hydras (Swamp:4)
  A shadow dragon zombie (Coc:2)
  19 orc knights
  5 tengu zombies
  5 spriggan druids
  An orange crystal statue (Depths:4)
  A harpy (shapeshifter) (Elf:3)
  27 ironbrand convokers
  2 anaconda skeletons
  23 deep elf archers
  7 harpies
  2 golden dragon skeletons
  A lindwurm (shapeshifter) (Zig:12)
  41 ugly things
  31 necromancers
  A wolf spider zombie (D:13)
  17 orc sorcerers
  7 cyclopes
  16 orb spiders
  4 oklob plants (Lair:3)
  3 fire giant zombies
  5 mana vipers
  41 wolf spiders
  7 draconians (Abyss:4)
  An iron dragon zombie (Coc:2)
  A mana viper (shapeshifter) (Depths:1)
  4 manticores
  106 deep elf magi
  3 tengu skeletons
  2 manticores (shapeshifter)
  3 worldbinders
  30 moths of wrath
  2 moths of wrath (shapeshifter)
  2 frost giant zombies
  A black mamba (shapeshifter) (Vaults:2)
  4 stone giant zombies
  3 rust devils
  9 shining eyes
  7 guardian serpents
  5 centaur zombies
  2 ice statues
  2 dire elephant zombies
  8 elephants
  3 frost giant skeletons
  An elephant (shapeshifter) (Zig:17)
  3 human skeletons
  A torpor snail (Zig:4)
  2 iron dragon skeletons
  15 black mambas
  14 vault sentinels
  A water nymph (shapeshifter) (Vaults:5)
  6 apocalypse crabs
  2 fire giant skeletons
  7 eyes of devastation
  Psyche (D:10)
  A gargoyle (D:10)
  52 smoke demons
  14 naga magi
  2 eyes of devastation (shapeshifter)
  2 yaktaur zombies
  23 spiny frogs
  A dire elephant skeleton (Tar:2)
  16 rime drakes
  4 human zombies
  29 ice devils
  A kobold demonologist (D:15)
  5 swamp worm zombies (Swamp:4)
  8 spectral swamp worms (Tar:7)
  33 orange demons
  5 hellions
  11 komodo dragons
  A storm dragon simulacrum (Vaults:5)
  10 efreet
  A komodo dragon (shapeshifter) (Abyss:3)
  49 yaktaurs
  A golden dragon simulacrum (Depths:3)
  9 demonic crawlers
  34 freezing wraiths
  11 tormentors
  An anaconda simulacrum (Lair:5)
  3 catoblepas skeletons
  9 red devils
  12 hellwings
  4 guardian mummies
  A troll (shapeshifter) (D:15)
  A red draconian skeleton (Crypt:3)
  2 polar bears (shapeshifter)
  12 trolls
  29 jumping spiders
  7 ancient zymes
  11 wind drakes (Pan)
  A merfolk (shapeshifter) (Zig:10)
  A meliai (shapeshifter) (Vaults:5)
  A queen bee (D:13)
  2 jumping spiders (shapeshifter)
  34 hornets
  3 meliai (D:13)
  Grinder (D:3)
  13 hydra zombies
  2 hydra skeletons
  A shadow dragon simulacrum (Depths:3)
  A tengu simulacrum (Depths:3)
  16 blink frogs
  A blink frog (shapeshifter) (Vaults:1)
  19 raiju
  10 alligator zombies
  30 bog bodies
  A hornet (shapeshifter) (Zig:24)
  2 ice dragon zombies
  A spectral swamp dragon (Swamp:4)
  13 tyrant leeches
  A frost giant simulacrum (Vaults:3)
  3 slime creatures (shapeshifter)
  A tarantella zombie (Crypt:3)
  Prince Ribbit (D:8)
  An iron dragon simulacrum (Depths:3)
  2 fire dragon zombies
  90 slime creatures
  A hippogriff (shapeshifter) (Zig:17)
  An ettin zombie (Hell)
  A satyr zombie (Crypt:2)
  7 air elementals
  6 dream sheep (Lair:6)
  A dream sheep (shapeshifter) (Vaults:4)
  23 hippogriffs
  2 stone giant simulacra
  57 large abominations
  61 flying skulls
  34 tarantellas
  7 wyverns
  4 vampires
  11 water elementals
  3 ice dragon skeletons
  66 redbacks
  2 fire dragon skeletons
  2 ettin skeletons
  6 spriggans
  A wyvern (shapeshifter) (Vaults:5)
  18 shadows
  25 ynoxinuls
  2 dire elephant simulacra (Lair:5)
  2 redbacks (shapeshifter)
  A human (shapeshifter) (Zig:24)
  60 yaks
  11 wraiths
  3 alligator skeletons
  A spriggan simulacrum (Depths:3)
  7 basilisks
  4 fire bats (Depths:1)
  10 golden eyes
  A wind drake zombie (Crypt:2)
  3 hogs (D:13)
  18 chaos spawn
  2 elf skeletons
  15 fire elementals
  3 black mamba skeletons
  33 neqoxecs
  A wind drake skeleton (Crypt:2)
  4 hungry ghosts
  8 steam dragons (Lair:4)
  4 wargs
  A naga (shapeshifter) (Abyss:4)
  33 vampire mosquitoes
  26 insubstantial wisps
  2 acid dragons
  2 spatial vortices (Abyss:1)
  A soldier ant (D:12)
  A harpy simulacrum (D:15)
  6 nagas (Zig:26)
  14 swamp worms
  7 spiny frog zombies
  30 hell hounds
  Duvessa (D:4)
  13 porcupines
  9 water moccasins
  13 ice beasts
  2 floating eyes
  11 swamp drakes
  A floating eye (shapeshifter) (Zig:10)
  A meliai simulacrum (D:15)
  49 orc warriors
  17 phantoms
  15 eyes of draining
  2 spiny frog skeletons
  A black bear (D:6)
  2 eyes of draining (shapeshifter)
  3 sky beasts
  4 swamp dragon zombies
  10 necrophages
  29 ogres
  10 wolves
  A snapping turtle skeleton (Tar:5)
  13 centaurs
  2 swamp dragon skeletons
  18 boggarts
  24 small abominations
  15 crocodiles
  An elephant skeleton (Crypt:3)
  An elf simulacrum (Vaults:1)
  16 bullfrogs
  A yaktaur skeleton (Crypt:2)
  9 earth elementals
  A gnoll sergeant (Zig:25)
  2 spiny frog simulacra
  A water moccasin zombie (Ossuary)
  A wyvern zombie (D:10)
  2 glowing shapeshifter simulacra
  Dowan (D:4)
  2 wyvern skeletons
  A yak zombie (Crypt:1)
  10 scorpions
  A snapping turtle simulacrum (Abyss:2)
  20 killer bees
  2 howler monkeys
  38 wights
  5 electric eels
  10 crimson imps
  4 human simulacra
  A bullfrog zombie (D:7)
  A yaktaur simulacrum (Vaults:1)
  2 gnoll shamans
  A water moccasin simulacrum (Lair:5)
  4 hounds
  A jelly (D:9)
  7 quasits
  A basilisk zombie (Crypt:1)
  A bullfrog skeleton (D:13)
  27 orc priests
  6 iron imps
  25 orc wizards
  6 centaur skeletons
  Ijyb (D:3)
  6 iguanas
  8 hell rats
  11 worker ants
  A spectral swamp drake (Swamp:4)
  3 big kobold zombies (Ossuary)
  A bullfrog simulacrum (Lair:5)
  A hound zombie (D:9)
  A porcupine simulacrum (Lair:5)
  2 hound skeletons
  11 mummies
  A worker ant zombie (D:7)
  9 adders
  11 gnolls
  10 river rats (Lair:5)
  A howler monkey skeleton (D:7)
  2 swamp drake zombies (Swamp:4)
  8 shadow imps
  15 white imps
  3 ufetubi
  An ooze (D:1)
  4 adder skeletons
  3 adder zombies (Ossuary)
  4 worms
  6 ball lightnings (Pan)
  5 dart slugs
  9 leopard geckos
  91 orcs
  2 ball pythons
  A bat skeleton (Crypt:1)
  11 giant cockroaches
  3 gnoll zombies (Ossuary)
  6 hobgoblins
  19 jackals
  9 kobolds
  6 quokkas
  A ball python skeleton (Crypt:1)
  5 bats
  5 frilled lizards
  5 goblins
  A hobgoblin skeleton (Crypt:3)
  5 hobgoblin zombies (Ossuary)
  2 jackal zombies
  7 kobold zombies (Ossuary)
  2 leopard gecko skeletons
  An orc skeleton (Crypt:3)
  3 orc zombies (Ossuary)
  2 quokka zombies
  9 rats
  9 briar patches (Swamp:4)
  9 bushes
  7 fire vortices
  5 fungi
  2 lurking horrors
  14 plants
  5 starspawn tentacles
  5 withered plants (D:15)
4766 creatures vanquished.

Vanquished Creatures (collateral kills)
  A juggernaut (Depths:2)
  2 golden dragons
  A profane servitor (Zig:18)
  3 liches
  An Ice Fiend (Coc:7)
  An Orb Guardian (Zot:5)
  7 acid blobs
  2 deep elf blademasters (Zig:27)
  A tentacled starspawn (Zig:24)
  An ancient champion (Zig:19)
  2 titans
  2 shadow dragons
  A thorn hunter (Zig:23)
  2 death cobs (Zot:2)
  3 storm dragons
  A blood saint (Zig:22)
  2 nagarajas
  A frost giant (Depths:1)
  A corrupter (Pan)
  3 draconian knights
  2 cacodemons (Pan)
  A spectral caustic shrike (Depths:3)
  A black sun (Pan)
  A draconian stormcaller (Zig:13)
  An angel (Pan)
  2 ironheart preservers (Vaults:5)
  2 very ugly things (Zig:17)
  A draconian annihilator (Zot:1)
  A reaper (Hell)
  2 stone giants (Vaults:5)
  A war gargoyle (Vaults:5)
  3 green draconians
  2 apis (Pan)
  2 purple draconians (Zot:3)
  2 white draconians
  A red draconian (Zot:3)
  An eidolon (Zig:19)
  2 yellow draconians
  A black draconian (Zot:5)
  2 deep elf death magi (Elf:3)
  2 yaktaur captains
  A spectral golden dragon (Zig:18)
  2 jiangshi (Tar:4)
  2 vault guards (Vaults:5)
  A spectral shadow dragon (Zig:18)
  2 ice dragons
  A shambling mangrove (Zig:23)
  2 death knights
  A deep troll earth mage (Depths:4)
  A vampire mage (Depths:3)
  A soul eater (Tar:1)
  A cherub (Pan)
  2 skeletal warriors
  A spatial maelstrom (Zig:24)
  3 shadow demons
  2 phantasmal warriors
  An anaconda skeleton (Tar:3)
  2 anaconda zombies
  A necromancer (Depths:3)
  A wizard (Depths:3)
  An ugly thing (Depths:2)
  A fire giant zombie (Tar:7)
  4 slime creatures
  A stone giant skeleton (Coc:2)
  An orange demon (Pan)
  A black mamba (Zig:26)
  4 smoke demons
  2 frost giant skeletons
  2 spectral swamp worms (Tar:7)
  A hellion (Pan)
  2 freezing wraiths
  An ice devil (Pan)
  3 yaktaurs
  A hydra zombie (Coc:2)
  An ancient zyme (Abyss:4)
  A hornet (Zig:23)
  A hydra skeleton (Hell)
  2 wind drakes (Pan)
  An alligator zombie (Tar:7)
  A sphinx simulacrum (Depths:3)
  An ettin zombie (Vaults:5)
  A fire dragon zombie (Tar:2)
  3 flying skulls
  An ettin skeleton (Tar:5)
  A tarantella (shapeshifter) (Depths:1)
  A shadow (Tar:4)
  A spriggan (Depths:5)
  A ynoxinul (Pan)
  A golden eye (Slime:2)
  A human (shapeshifter) (Zig:17)
  A neqoxec (Pan)
  A warg (Depths:5)
  A naga (Zig:26)
  A spiny frog zombie (Crypt:3)
  A hydra simulacrum (Coc:2)
  2 eyes of draining
  A small abomination (Abyss:3)
  A bullfrog (shapeshifter) (Zig:17)
  7 wights
  9 starcursed masses
  An orc priest (Zig:25)
  An orc wizard (Depths:5)
  2 hell rats (Hell)
  A shadow imp (Tar:3)
  A white imp (Coc:2)
  2 orcs (Depths:5)
  6 crawling corpses (Zig:27)
  2 lurking horrors (Abyss:2)
184 creatures vanquished.

Vanquished Creatures (others)
  A titan (Pan)
  2 eldritch tentacles (Pan)
  A draconian stormcaller (Zot:2)
  2 rakshasas (Pan)
  A deep elf knight (Zig:15)
  A sun demon (Pan)
  A soul eater (Pan)
  A shadow demon (Tar:7)
  A frost giant zombie (Hell)
  2 smoke demons (Pan)
  A rime drake (Lair:4)
  A hellwing (Pan)
  A yaktaur (Vaults:5)
  3 wind drakes (Pan)
  A water elemental (Zig:21)
  A redback (Spider:1)
  An orc wizard (Orc:2)
  A white imp (Coc:7)
  2 ball lightnings (Pan)
  A quokka (D:7)
  1822 fire vortices
  20 fungi
  11 plants
  21 starspawn tentacles
1900 creatures vanquished.

Grand Total: 6850 creatures vanquished

Notes
Turn   | Place    | Note
-------+----------+-------------------------------------------
     0 | D:1      | kkr the Deep Elf Fire Elementalist began the quest for the
                  | Orb.
     0 | D:1      | Reached XP level 1. HP: 10/10 MP: 6/6
   341 | D:1      | Reached XP level 2. HP: 9/15 MP: 3/8
  1056 | D:1      | Reached XP level 3. HP: 19/19 MP: 4/10
  1757 | D:2      | Found a hide-covered altar of Uskayaw.
  1999 | D:2      | Reached XP level 4. HP: 21/24 MP: 9/12
  2365 | D:3      | Found an ornate altar of the Wu Jian Council.
  2365 | D:3      | Noticed Grinder
  2380 | D:2      | Learned a level 3 spell: Conjure Flame
  2385 | D:2      | Learned a level 4 spell: Sticky Flame
  2567 | D:3      | Noticed Ijyb
  2576 | D:3      | Killed Ijyb
  2576 | D:3      | Reached skill level 5 in Spellcasting
  2671 | D:3      | Reached XP level 5. HP: 23/28 MP: 6/14
  2757 | D:3      | Killed Grinder
  2757 | D:3      | Reached skill level 5 in Conjurations
  2757 | D:3      | Reached XP level 6. HP: 32/32 MP: 9/17
  3766 | D:4      | Noticed Dowan
  4109 | D:4      | Noticed Duvessa
  4119 | D:4      | Killed Duvessa
  4119 | D:4      | Reached XP level 7. HP: 15/36 MP: 8/20
  4134 | D:4      | Killed Dowan
  4815 | D:5      | Entered Level 5 of the Dungeon
  5440 | D:5      | Found Bagryh's Food Shoppe.
  5471 | D:5      | Reached XP level 8. HP: 40/41 MP: 19/23
  6103 | D:5      | Learned a level 5 spell: Fireball
  6184 | D:5      | Reached skill level 10 in Spellcasting
  7128 | D:6      | Found a shimmering altar of Xom.
  7910 | D:6      | Found a shadowy altar of Dithmenos.
  8187 | D:6      | Found a deep blue altar of Sif Muna.
  8264 | D:7      | Reached XP level 9. HP: 30/45 MP: 18/26
  8277 | D:7      | Found a sand-covered staircase.
  8339 | Ossuary  | Entered an ossuary
  8825 | D:7      | Gained mutation: You are weak. (Str -2) [potion of
                  | mutation]
  8825 | D:7      | Gained mutation: You are resistant to hostile enchantments.
                  | (MR+) [potion of mutation]
  8960 | D:7      | Found a glowing golden altar of the Shining One.
  9120 | D:7      | Found a staircase to the Ecumenical Temple.
  9135 | Temple   | Entered the Ecumenical Temple
  9441 | D:7      | Reached skill level 10 in Conjurations
  9704 | D:7      | Found a radiant altar of Vehumet.
  9707 | D:7      | Became a worshipper of Vehumet
  9727 | D:7      | Cast into level 2 of the Abyss (a distortion unwield)
  9794 | Abyss:2  | Found a corrupted altar of Lugonu.
  9800 | Abyss:2  | Noticed a starcursed mass
  9800 | Abyss:2  | Noticed a flayed ghost
  9807 | D:7      | Escaped the Abyss
 10149 | D:8      | Found a snail-covered altar of Cheibriados.
 10224 | D:8      | Got a heavily runed glass ring
 10379 | D:8      | Found a blossoming altar of Fedhas.
 10380 | D:8      | Reached * piety under Vehumet
 10380 | D:8      | Offered knowledge of Sting by Vehumet.
 10621 | D:8      | Noticed Prince Ribbit
 10627 | D:8      | Killed Prince Ribbit
 10710 | D:9      | Reached XP level 10. HP: 23/50 MP: 4/29
 10916 | D:9      | Found a sacrificial altar of Ru.
 11045 | D:9      | Found a sparkling altar of Nemelex Xobeh.
 11081 | D:9      | Lost strength.
 11081 | D:9      | Identified the cursed ring of Untruth {rElec MR- Str-3
                  | Int+3} (You found it on level 8 of the Dungeon)
 11128 | D:9      | Found an ancient bone altar of Kikubaaqudgha.
 11416 | D:9      | Found Zuorakai's Island Escapes.
 11587 | D:9      | Bought a scroll of fog for 30 gold pieces
 11587 | D:9      | Bought a potion of haste for 150 gold pieces
 11587 | D:9      | Bought a scroll of teleportation for 45 gold pieces
 11740 | D:7      | Found a burning altar of Makhleb.
 11770 | D:7      | Learned a level 5 spell: Bolt of Magma
 11821 | D:10     | Entered Level 10 of the Dungeon
 11822 | D:10     | Noticed Psyche
 11830 | D:10     | Killed Psyche
 12359 | D:10     | Noticed Erolcha
 12566 | D:10     | Learned a level 2 spell: Blink
 12574 | D:10     | Learned a level 7 spell: Orb of Destruction
 12575 | D:10     | Killed Erolcha
 12705 | D:10     | Noticed a gargoyle
 12709 | D:10     | Killed a gargoyle
 12709 | D:10     | Reached skill level 15 in Spellcasting
 12733 | D:10     | Reached ** piety under Vehumet
 12823 | D:10     | Found a staircase to the Lair.
 12829 | D:10     | Offered knowledge of Magic Dart by Vehumet.
 12891 | D:10     | Reached XP level 11. HP: 54/54 MP: 28/32
 13329 | D:7      | Killed a flayed ghost
 13414 | D:11     | Noticed a purple ugly thing
 13415 | D:11     | Noticed a two-headed ogre
 13417 | D:11     | Killed a purple ugly thing
 13419 | D:11     | Killed a two-headed ogre
 13534 | D:11     | Found Agitta Mumet's Pet Rocks.
 13672 | D:11     | Noticed a two-headed ogre
 13675 | D:11     | Noticed Sonja
 13676 | D:11     | Noticed Erica
 13677 | D:11     | Killed a two-headed ogre
 13679 | D:11     | Killed Sonja
 14107 | D:11     | Found a staircase to the Orcish Mines.
 14141 | D:11     | Killed Erica
 14141 | D:11     | Offered knowledge of Ignite Poison by Vehumet.
 14695 | D:12     | Reached *** piety under Vehumet
 14858 | D:12     | Reached XP level 12. HP: 43/59 MP: 31/35
 15752 | D:13     | Offered knowledge of Throw Icicle by Vehumet.
 15769 | D:13     | Noticed a centaur warrior
 15771 | D:13     | Noticed a centaur warrior
 15776 | D:13     | Killed a centaur warrior
 15793 | D:13     | Noticed a centaur warrior
 15796 | D:13     | Noticed a two-headed ogre
 16135 | D:13     | Reached skill level 15 in Conjurations
 16342 | D:13     | Found a hazy altar of Hepliaklqana.
 16504 | D:13     | Reached **** piety under Vehumet
 16508 | D:13     | Offered knowledge of Airstrike by Vehumet.
 16965 | D:13     | Noticed a two-headed ogre
 16973 | D:13     | Killed a two-headed ogre
 16998 | D:13     | Killed a centaur warrior
 17226 | D:13     | Killed a two-headed ogre
 17235 | D:13     | Noticed Kirke
 17239 | D:13     | Killed Kirke
 17267 | D:13     | Noticed a centaur warrior
 17512 | D:13     | Noticed an ironheart preserver
 17517 | D:13     | Killed an ironheart preserver
 17517 | D:13     | Reached XP level 13. HP: 62/63 MP: 14/37
 17785 | D:13     | Found a gate to the Vaults.
 18695 | D:14     | Reached ***** piety under Vehumet
 18845 | D:14     | Offered knowledge of Iskenderun's Mystic Blast by Vehumet.
 19368 | D:15     | Entered Level 15 of the Dungeon
 19396 | D:15     | Found a staircase to the Depths.
 19408 | D:15     | Reached skill level 1 in Fighting
 20180 | D:15     | Learned a level 6 spell: Freezing Cloud
 20188 | D:15     | Learned a level 7 spell: Spellforged Servitor
 20255 | D:15     | Reached XP level 14. HP: 62/72 MP: 24/40
 21051 | D:15     | Found Hacwiu Kuiz's Distillery.
 21057 | D:15     | Bought a potion of magic for 128 gold pieces
 21057 | D:15     | Bought a potion of heal wounds for 80 gold pieces
 21057 | D:15     | Bought a potion of heal wounds for 80 gold pieces
 21057 | D:15     | Bought a potion of curing for 48 gold pieces
 21057 | D:15     | Bought a potion of curing for 48 gold pieces
 21057 | D:15     | Bought a potion of haste for 160 gold pieces
 21057 | D:15     | Bought a potion of agility for 64 gold pieces
 21500 | Lair:1   | Entered Level 1 of the Lair of Beasts
 21931 | Lair:1   | Got a scintillating platinum amulet
 21937 | Lair:1   | Identified the amulet of Tyfoutess {Acrobat rC++ Int+2
                  | SInv} (You found it on level 1 of the Lair of Beasts)
 22576 | Lair:2   | Offered knowledge of Irradiate by Vehumet.
 22734 | Lair:2   | Found a hole to the Spider Nest.
 23897 | Lair:3   | Found a staircase to the Swamp.
 24579 | Lair:3   | Got a warped executioner's axe
 24584 | Lair:3   | Got a transparent rapier
 24598 | Lair:3   | Identified the +6 executioner's axe "Guucvos" {freeze,
                  | +Rage rN+} (You found it on level 3 of the Lair of Beasts)
 24599 | Lair:3   | Identified the +4 rapier "Erucvuim" {venom, *Drain MR+++
                  | Str+7 Dex+3} (You found it on level 3 of the Lair of
                  | Beasts)
 24617 | Lair:3   | Lost mutation: You are weak. (Str -2) [potion of mutation]
 24617 | Lair:3   | Lost mutation: You are resistant to hostile enchantments.
                  | (MR+) [potion of mutation]
 24617 | Lair:3   | Gained mutation: You are partially covered in slimy green
                  | scales. (AC +2) [potion of mutation]
 24617 | Lair:3   | Gained mutation: You are partially covered in yellow
                  | scales. (AC +2) [potion of mutation]
 24617 | Lair:3   | Gained mutation: You possess an exceptional clarity of
                  | mind. [potion of mutation]
 24913 | Lair:4   | Noticed Snorg
 24926 | Lair:4   | Killed Snorg
 25279 | Lair:4   | Found a hazy altar of Hepliaklqana.
 26363 | Lair:5   | Found a transporter.
 26373 | Lair:5   | Found a staircase to the Slime Pits.
 26373 | Lair:5   | Found a viscous altar of Jiyva.
 26389 | Lair:5   | Found a transporter.
 26684 | Lair:5   | Offered knowledge of Yara's Violent Unravelling by Vehumet.
 27111 | Lair:5   | Found a sparkling altar of Nemelex Xobeh.
 27295 | Lair:5   | Reached XP level 15. HP: 81/81 MP: 42/42
 27548 | Lair:6   | Entered Level 6 of the Lair of Beasts
 27678 | Lair:6   | Reached skill level 5 in Fighting
 28352 | Lair:6   | Offered knowledge of Bolt of Fire by Vehumet.
 28661 | Lair:6   | Got an ominously black robe
 28662 | Lair:6   | Identified the +1 robe "Piss" {Str+2} (You found it on
                  | level 6 of the Lair of Beasts)
 29181 | Lair:6   | Found a burning altar of Makhleb.
 29231 | Lair:6   | Found a gateway to Hell.
 29249 | Lair:6   | Got a bloodstained scythe
 29249 | Lair:6   | Got a translucent scale mail
 29250 | Lair:6   | Identified the +8 scythe of Qext {slice, rN+ Dex+6 Stlth-}
                  | (You found it on level 6 of the Lair of Beasts)
 29251 | Lair:6   | Identified the +1 scale mail of Zoxism {rPois rC- rN+
                  | Slay+3} (You found it on level 6 of the Lair of Beasts)
 29685 | Orc:1    | Entered Level 1 of the Orcish Mines
 29775 | Orc:2    | Entered Level 2 of the Orcish Mines
 29775 | Orc:2    | Noticed an orc warlord
 29784 | Orc:2    | Killed an orc warlord
 30202 | Orc:2    | Noticed an orc warlord
 30204 | Orc:2    | Offered knowledge of Poison Arrow by Vehumet.
 30224 | Orc:2    | Killed an orc warlord
 31287 | Orc:2    | Found Viasaf's General Store.
 31288 | Orc:2    | Found Nihe's Book Boutique.
 31289 | Orc:2    | Found Lutt's Antique Armour Boutique.
 31289 | Orc:2    | Found Zizov's Antique Weapon Shop.
 31473 | Orc:2    | Found a staircase to the Elven Halls.
 31737 | Elf:1    | Entered Level 1 of the Elven Halls
 31746 | Elf:1    | Reached XP level 16. HP: 90/90 MP: 45/45
 33489 | Elf:1    | Offered knowledge of Conjure Ball Lightning by Vehumet.
 33750 | Elf:1    | Learned a level 2 spell: Passwall
 34004 | Spider:1 | Entered Level 1 of the Spider Nest
 34963 | Elf:2    | Found an ancient bone altar of Kikubaaqudgha.
 35384 | Elf:2    | Got a bronze ring mail
 35431 | Elf:2    | Identified a +0 pair of boots of running (You found it on
                  | level 2 of the Elven Halls)
 35443 | Elf:2    | Identified the +1 ring mail of Wariness {rN+ Int+4 Dex-4}
                  | (You found it on level 2 of the Elven Halls)
 35785 | Elf:2    | Found a large runed translucent door.
 35785 | Elf:2    | Found a large runed translucent door.
 35788 | Elf:2    | Noticed kalagan's ghost (journeyman DESu)
 35878 | Elf:2    | Found a huge runed translucent gate.
 35878 | Elf:2    | Found a huge runed translucent gate.
 35878 | Elf:2    | Found a huge runed translucent gate.
 35878 | Elf:2    | Found a huge runed translucent gate.
 35878 | Elf:2    | Found a huge runed translucent gate.
 36197 | Orc:2    | Bought the +1 cloak of Starlight {rElec rC+ EV+4 Stlth--}
                  | for 1602 gold pieces
 36197 | Orc:2    | Found the +1 cloak of Starlight {rElec rC+ EV+4 Stlth--}
 36446 | Spider:1 | Noticed Jorgrun
 36451 | Spider:1 | Killed Jorgrun
 36934 | Spider:1 | Reached XP level 17. HP: 90/97 MP: 24/47
 37175 | Spider:1 | Identified a scroll of acquirement
 37268 | Spider:1 | Reached ****** piety under Vehumet
 37268 | Spider:1 | Offered knowledge of Conjure Ball Lightning by Vehumet.
 38409 | Spider:2 | Identified the Catalogue of Attacks
 38781 | Spider:2 | Found a runed translucent door.
 38781 | Spider:2 | Noticed NeAGen181's ghost (journeyman HOMo)
 38792 | Spider:2 | Killed NeAGen181's ghost
 40162 | Spider:4 | Entered Level 4 of the Spider Nest
 40627 | Spider:4 | Offered knowledge of Fire Storm by Vehumet.
 40627 | Spider:4 | Offered knowledge of Tornado by Vehumet.
 40627 | Spider:4 | Offered knowledge of Ignition by Vehumet.
 40640 | Spider:3 | Learned a level 9 spell: Fire Storm
 41771 | Spider:4 | Reached skill level 5 in Fire Magic
 42237 | Spider:4 | Got a gossamer rune of Zot
 42744 | Swamp:1  | Entered Level 1 of the Swamp
 42944 | Swamp:1  | Reached XP level 18. HP: 105/105 MP: 28/49
 43168 | Swamp:1  | Found a runed translucent door.
 43181 | Swamp:1  | Noticed kalagan's ghost (journeyman DESu)
 43418 | Swamp:1  | Noticed Frances
 43427 | Swamp:1  | Killed Frances
 43840 | Swamp:1  | Killed kalagan's ghost
 44343 | Swamp:2  | Found a runed translucent door.
 44343 | Swamp:2  | Found a shimmering altar of Xom.
 44343 | Swamp:2  | Noticed FishyPogo's ghost (journeyman MiFi)
 44346 | Swamp:2  | Identified the +5 war axe of Cuaps {chaos, rPois}
 44381 | Swamp:2  | Killed FishyPogo's ghost
 46241 | Swamp:4  | Entered Level 4 of the Swamp
 47856 | Swamp:4  | Noticed a bone dragon
 47901 | Swamp:4  | Killed a bone dragon
 48183 | Swamp:4  | Got a decaying rune of Zot
 48456 | Swamp:4  | Learned a level 6 spell: Deflect Missiles
 48811 | Depths:1 | Entered Level 1 of the Depths
 48817 | Depths:1 | Reached skill level 10 in Fighting
 48826 | Depths:1 | Reached skill level 1 in Charms
 49073 | Vaults:1 | Entered Level 1 of the Vaults
 49286 | Vaults:1 | Reached XP level 19. HP: 84/112 MP: 42/51
 50161 | Vaults:1 | Noticed Asterion
 50419 | Vaults:1 | Noticed Aizul
 50423 | Vaults:1 | Killed Aizul
 50993 | Vaults:1 | Killed Asterion
 51273 | Vaults:1 | Reached skill level 5 in Charms
 51577 | Vaults:1 | You fall through a shaft!
 52663 | Vaults:2 | Found Ihanidde's Distillery.
 52804 | Vaults:2 | Bought a potion of curing for 51 gold pieces
 52804 | Vaults:2 | Bought a potion of brilliance for 68 gold pieces
 52804 | Vaults:2 | Bought a potion of curing for 51 gold pieces
 52804 | Vaults:2 | Bought a potion of brilliance for 68 gold pieces
 52804 | Vaults:2 | Bought a potion of haste for 170 gold pieces
 53980 | Vaults:2 | Reached skill level 27 in Spellcasting
 54141 | Vaults:2 | Reached XP level 20. HP: 119/119 MP: 25/53
 55387 | Vaults:3 | Found a runed translucent gate.
 55387 | Vaults:3 | Found a runed translucent gate.
 55387 | Vaults:3 | Found an opulent altar of Gozag.
 55388 | Vaults:3 | Found a runed translucent gate.
 55391 | Vaults:3 | Found Sateezif's Assorted Antiques.
 55391 | Vaults:3 | Found Zedyitis's Assorted Antiques.
 55391 | Vaults:3 | Noticed rlgrobin's ghost (adept DDFi)
 55949 | Vaults:3 | Reached skill level 10 in Fire Magic
 56690 | Vaults:3 | Reached skill level 5 in Dodging
 56811 | Vaults:3 | Found a staircase to the Crypt.
 56816 | Crypt:1  | Entered Level 1 of the Crypt
 58846 | Vaults:4 | Reached XP level 21. HP: 123/126 MP: 49/54
 59946 | Vaults:3 | Killed rlgrobin's ghost
 60123 | Vaults:3 | Bought a scroll of blinking for 330 gold pieces
 60126 | Vaults:3 | Bought a turquoise-encrusted chain mail for 323 gold pieces
 60144 | Vaults:3 | Identified the +1 chain mail of Pyst {Dex+2} (You bought it
                  | in a shop on level 3 of the Vaults)
 61447 | Elf:2    | Killed kalagan's ghost
 61916 | Elf:3    | Entered Level 3 of the Elven Halls
 62474 | Elf:3    | Identified the amulet "Zooxzoyli" {Gourm +Blink rElec rF-}
 62652 | Elf:3    | Identified the +8 scimitar "Loopy" {elec, rF+ Str-4 Dex+2}
 62725 | Elf:3    | Identified the +6 scimitar of Supply {drain, rPois Dex+2}
                  | (You found it on level 3 of the Elven Halls)
 62800 | Elf:3    | Identified the cursed +2 hand axe of the Tundras {chop,
                  | rPois MR+ Int-5} (You found it on level 3 of the Elven
                  | Halls)
 63267 | Orc:2    | Bought a pitted hand axe for 208 gold pieces
 63267 | Orc:2    | Identified the +4 hand axe of Indomitability {protect,
                  | rElec} (You bought it in a shop on level 2 of the Orcish
                  | Mines)
 63828 | Crypt:1  | Noticed Jory
 63830 | Crypt:1  | Reached skill level 10 in Dodging
 63835 | Crypt:1  | Killed Jory
 63898 | Crypt:1  | Noticed Mennas
 63906 | Crypt:1  | Killed Mennas
 63906 | Crypt:1  | Reached XP level 22. HP: 133/133 MP: 15/55
 64668 | Crypt:2  | Noticed Xtahua
 64757 | Crypt:2  | Noticed Bai Suzhen
 64764 | Crypt:2  | Killed Bai Suzhen
 65072 | Crypt:2  | Killed Xtahua
 65777 | Crypt:3  | Entered Level 3 of the Crypt
 66708 | Crypt:3  | Noticed Khufu
 66708 | Crypt:3  | Noticed a greater mummy
 66717 | Crypt:2  | Killed a greater mummy
 67296 | Crypt:3  | Noticed a curse toe
 67469 | Crypt:3  | Killed a curse toe
 67587 | Crypt:3  | Identified the ring of Xadu {rCorr +Fly rPois Int-4 Dex+6}
 67610 | Crypt:3  | Noticed a curse toe
 67621 | Crypt:3  | Killed a curse toe
 67927 | Crypt:3  | Found a basalt altar of Yredelemnul.
 67930 | Crypt:3  | Found an ancient bone altar of Kikubaaqudgha.
 67948 | Crypt:3  | Identified the Papyrus of Sinister Rituals
 67972 | Crypt:3  | Identified the +5 mace of the Orcish Mines {freeze, rC+
                  | Str+5 Dex+2} (You found it on level 3 of the Crypt)
 68291 | Crypt:3  | Found a staircase to the Tomb.
 68337 | Crypt:3  | Found a runed translucent gate.
 68337 | Crypt:3  | Found a runed translucent gate.
 68337 | Crypt:3  | Found a runed translucent gate.
 68367 | Crypt:3  | Reached XP level 23. HP: 90/140 MP: 53/56
 68581 | Crypt:3  | Killed Khufu
 69265 | Slime:1  | Entered Level 1 of the Pits of Slime
 69268 | Slime:1  | Gained mutation: You are dopey. (Int -2) [a shining eye]
 69925 | Slime:5  | Entered Level 5 of the Pits of Slime
 69980 | Slime:5  | Noticed the Royal Jelly
 69985 | Slime:5  | Killed the Royal Jelly
 70290 | Slime:5  | Got a smoking silver ring
 70322 | Slime:5  | Got an ichor-stained rapier
 70324 | Slime:5  | Got a slimy rune of Zot
 70347 | Slime:5  | Got a scintillating brass ring
 70360 | Slime:5  | Identified the +3 rapier of Objectivity {pierce, rN+ MP+9}
                  | (You found it on level 5 of the Pits of Slime)
 70361 | Slime:5  | Identified the ring "Zif Uryc" {*Drain MR+ MP+9 Dex+7} (You
                  | found it on level 5 of the Pits of Slime)
 70362 | Slime:5  | Identified the ring of Xom's Capriciousness {rPois MR+}
                  | (You found it on level 5 of the Pits of Slime)
 70433 | Slime:5  | Reached skill level 27 in Conjurations
 71164 | Slime:3  | Reached skill level 1 in Armour
 71516 | Slime:2  | Noticed Dissolution
 71519 | Slime:2  | Killed Dissolution
 71519 | Slime:2  | Reached skill level 15 in Fire Magic
 71967 | Slime:1  | Gained mutation: Your magical capacity is low. (-10% MP) [a
                  | shining eye]
 72833 | Vaults:5 | Entered Level 5 of the Vaults
 72837 | Vaults:5 | Reached XP level 24. HP: 121/148 MP: 44/50
 74017 | Depths:1 | Got a transparent quick blade
 74596 | Depths:2 | Noticed a juggernaut
 74602 | Depths:2 | Killed a juggernaut
 74807 | Depths:2 | Reached skill level 5 in Armour
 74811 | Depths:2 | Reached skill level 15 in Dodging
 74828 | Depths:2 | Found the amulet of the Air {Inacc +Fly rElec EV+5 RMsl}
 75216 | Depths:2 | Found a one-way gate leading to the halls of Pandemonium.
 75271 | Depths:2 | Found a gateway to a ziggurat.
 75703 | Depths:2 | Got a translucent tin amulet
 75704 | Depths:2 | Identified the +8 quick blade of Diet Blood {flame, +Rage}
                  | (You found it on level 1 of the Depths)
 75706 | Depths:2 | Identified the amulet "Amuumu" {RegenMP +Blink MP+9 Dex-4
                  | Slay+5} (You found it on level 2 of the Depths)
 75752 | Depths:2 | Noticed a juggernaut
 75754 | Depths:2 | Killed a juggernaut
 75766 | Depths:2 | Identified the +4 halberd "Intiygog" {holy, -Tele *Corrode
                  | MR+++ SInv} (You found it on level 2 of the Depths)
 75817 | Depths:3 | Learned a level 8 spell: Ignition
 76265 | Depths:3 | Reached skill level 15 in Fighting
 76555 | Depths:3 | Got a brightly glowing iron ring
 76584 | Depths:3 | Found a runed translucent gate.
 76584 | Depths:3 | Found a runed translucent gate.
 76584 | Depths:3 | Found a runed translucent gate.
 76683 | Depths:3 | Noticed an ancient lich
 76684 | Depths:3 | Noticed Juza's ghost (veteran GrFi)
 76730 | Depths:3 | Killed an ancient lich
 76731 | Depths:3 | Killed Juza's ghost
 76748 | Depths:3 | Reached XP level 25. HP: 111/156 MP: 27/50
 76757 | Depths:3 | Got a brightly glowing golden ring
 76758 | Depths:3 | Identified the ring of Nemelex Xobeh's Whim {*Slow rF+
                  | rC++} (You found it on level 3 of the Depths)
 76759 | Depths:3 | Identified the ring of Liberalism {rPois rN+ Str+3 Slay-2}
                  | (You found it on level 3 of the Depths)
 77023 | Depths:3 | Found a one-way gate to the infinite horrors of the Abyss.
 77362 | Depths:3 | Got a smoking silver ring
 77608 | Depths:4 | Learned a level 5 spell: Lee's Rapid Deconstruction
 79505 | Depths:4 | Identified the ring of Epli {Wiz rC+ Dex+5} (You found it
                  | on level 3 of the Depths)
 79930 | Depths:4 | Identified the +3 flail of the Iron City of Dis {crush,
                  | rPois Str+3 Stlth-} (You found it on level 4 of the Depths)
 80393 | Depths:5 | Entered Level 5 of the Depths
 80542 | Depths:5 | Reached skill level 1 in Shields
 80605 | Depths:5 | Reached XP level 26. HP: 163/163 MP: 15/50
 80893 | Depths:5 | Identified the +1 faerie dragon scales {rElec rF+ MR+ rCorr
                  | MP+9 Slay+2}
 80893 | Depths:5 | Noticed the Enchantress
 80895 | Depths:5 | Killed the Enchantress
 80928 | Depths:5 | Noticed Saint Roka
 80931 | Depths:5 | Killed Saint Roka
 81179 | Depths:5 | Found a sparkling altar of Nemelex Xobeh.
 81209 | Depths:5 | Found a gate to the Realm of Zot.
 81836 | Lair:1   | Learned a level 3 spell: Regeneration
 82692 | Zot:1    | Entered Level 1 of the Realm of Zot
 83034 | Zot:1    | Reached skill level 10 in Armour
 83566 | Zot:1    | Got a brightly glowing scale mail
 83567 | Zot:1    | Identified the cursed +1 scale mail "Damnable Contraption"
                  | {rN+} (You found it on level 1 of the Realm of Zot)
 84735 | Zot:3    | Reached XP level 27. HP: 167/170 MP: 41/50
 85514 | Zot:3    | Found an opulent altar of Gozag.
 85514 | Zot:3    | Noticed Muyguirph's ghost (legendary HOGl)
 85515 | Zot:3    | Found a runed translucent gate.
 85515 | Zot:3    | Found a runed translucent gate.
 85515 | Zot:3    | Found a runed translucent gate.
 85546 | Zot:3    | Killed Muyguirph's ghost
 86065 | Zot:4    | Found a large runed translucent door.
 86078 | Zot:4    | Found a large runed translucent door.
 86080 | Zot:4    | Noticed Rihien's ghost (legendary DsWn)
 86963 | Zot:5    | Entered Level 5 of the Realm of Zot
 87368 | Zot:4    | Killed Rihien's ghost
 87936 | Zig:1    | Entered Level 1 of a ziggurat
 88026 | Zig:2    | Entered Level 2 of a ziggurat
 88062 | Zig:3    | Entered Level 3 of a ziggurat
 88100 | Zig:4    | Entered Level 4 of a ziggurat
 88129 | Zig:5    | Entered Level 5 of a ziggurat
 88131 | Zig:5    | Noticed an orb of fire
 88137 | Zig:5    | Killed an orb of fire
 88227 | Zig:5    | Got a twitching glass ring
 88234 | Zig:5    | Identified the ring of Kindness {rPois SInv} (You found it
                  | on level 5 of a ziggurat)
 88237 | Zig:6    | Entered Level 6 of a ziggurat
 88239 | Zig:6    | Noticed Qoyd the pandemonium lord
 88244 | Zig:6    | Killed Qoyd the pandemonium lord
 88325 | Zig:7    | Entered Level 7 of a ziggurat
 88340 | Zig:7    | Identified the +1 scale mail of the Lost Path {rC+ Stlth+}
                  | (You found it on level 7 of a ziggurat)
 88347 | Zig:7    | Got a vibrating lapis lazuli ring
 88361 | Zig:7    | Identified the ring of Bekhopp {MP+9 Str+4 Slay+2} (You
                  | found it on level 7 of a ziggurat)
 88363 | Zig:8    | Entered Level 8 of a ziggurat
 88411 | Zig:9    | Entered Level 9 of a ziggurat
 88419 | Zig:9    | Noticed Rucirph the pandemonium lord
 88422 | Zig:9    | Killed Rucirph the pandemonium lord
 88475 | Zig:10   | Entered Level 10 of a ziggurat
 88483 | Zig:10   | Noticed Orekh the pandemonium lord
 88488 | Zig:10   | Reached skill level 5 in Shields
 88491 | Zig:10   | Killed Orekh the pandemonium lord
 88502 | Zig:10   | Got a coiled marble ring
 88543 | Zig:10   | Identified the ring "Sopsafum" {Ice rElec rN+ Dex+6} (You
                  | found it on level 10 of a ziggurat)
 88547 | Zig:10   | Got an ancient scimitar
 88551 | Zig:10   | Got a fine long sword
 88556 | Zig:10   | Got an iridescent broad axe
 88567 | Zig:11   | Entered Level 11 of a ziggurat
 88620 | Zig:11   | Identified the Almanac of Twisted Hexes
 88635 | Zig:11   | Identified the +11 scimitar "Pefoty" {venom, Str+4 SInv}
                  | (You found it on level 10 of a ziggurat)
 88646 | Zig:12   | Entered Level 12 of a ziggurat
 88798 | Zig:13   | Entered Level 13 of a ziggurat
 88850 | Zig:13   | Identified the +2 long sword of Ru's Scorn {flame, Int+4}
                  | (You found it on level 10 of a ziggurat)
 88855 | Zig:13   | Identified the +1 broad axe of Daumir {chop, *Corrode rN++
                  | Int+5} (You found it on level 10 of a ziggurat)
 88875 | Zig:13   | Got a slimy bronze ring
 88878 | Zig:13   | Identified the Guide on Excruciating Intoxication
 88942 | Zig:14   | Entered Level 14 of a ziggurat
 88997 | Zig:14   | Identified the Reference Book on Flying Fascination
 89018 | Zig:14   | Identified the ring of Iruezad {+Fly Dex+3} (You found it
                  | on level 13 of a ziggurat)
 89022 | Zig:14   | Got a scintillating sapphire amulet
 89023 | Zig:14   | Identified the amulet of Autumn {+Rage rC+} (You found it
                  | on level 14 of a ziggurat)
 89038 | Zig:14   | Got a twitching glass ring
 89064 | Zig:14   | Got an ancient trident
 89087 | Zig:15   | Entered Level 15 of a ziggurat
 89205 | Zig:15   | Got a translucent fustibalus
 89208 | Zig:15   | Got a translucent ivory amulet
 89212 | Zig:15   | Identified the ring "Zeun" {rCorr rC+ Dex+2 Stlth-} (You
                  | found it on level 14 of a ziggurat)
 89225 | Zig:15   | Got a shimmering ring mail
 89236 | Zig:15   | Identified the +2 ring mail of the Gate {rF+ Slay+5} (You
                  | found it on level 15 of a ziggurat)
 89345 | Zig:15   | Got a twisted mace
 89349 | Zig:16   | Entered Level 16 of a ziggurat
 89481 | Zig:16   | Found the +3 pair of gauntlets of War {Slay+5}
 89524 | Zig:17   | Entered Level 17 of a ziggurat
 89536 | Zig:17   | Noticed Silo Tag the pandemonium lord
 89539 | Zig:17   | Killed Silo Tag the pandemonium lord
 89539 | Zig:17   | Noticed Efoicy the pandemonium lord
 89545 | Zig:17   | Killed Efoicy the pandemonium lord
 89546 | Zig:17   | Noticed Bystrad the pandemonium lord
 89551 | Zig:17   | Noticed Wuera the pandemonium lord
 89552 | Zig:17   | Noticed Boaqyss the pandemonium lord
 89558 | Zig:17   | Noticed Roonox the pandemonium lord
 89561 | Zig:17   | Killed Wuera the pandemonium lord
 89561 | Zig:17   | Killed Bystrad the pandemonium lord
 89584 | Zig:17   | Identified the Tome of Anaesthesia
 89637 | Zig:17   | Killed Boaqyss the pandemonium lord
 89664 | Zig:17   | Gained mutation: You are clumsy. (Dex -2) [a cacodemon]
 89767 | Zig:17   | Identified Qomot's Incunabulum of the Creative Frostbite
 89780 | Zig:17   | Identified the +9 mace "Zaruleqo" {freeze, rC+ Int+6 Dex-4
                  | Stlth+} (You found it on level 15 of a ziggurat)
 89781 | Zig:17   | Identified the amulet of the Peculiar Gods {Faith rPois rC+
                  | Str+4 Dex+4} (You found it on level 15 of a ziggurat)
 89792 | Zig:17   | Killed Roonox the pandemonium lord
 89793 | Zig:17   | Identified the cursed +1 trident of Beogh's Approval
                  | {pierce, Int+8 Dex+4} (You found it on level 14 of a
                  | ziggurat)
 89794 | Zig:17   | Identified the +10 fustibalus "Beast's Undoing" {speed,
                  | rElec} (You found it on level 15 of a ziggurat)
 89853 | Zig:17   | Got a translucent copper amulet
 89898 | Zig:17   | Got a translucent dire flail
 89909 | Zig:17   | Got a jewelled short sword
 89915 | Zig:18   | Entered Level 18 of a ziggurat
 89945 | Zig:18   | Found the +3 robe of Folly {Archmagi, MR-- Int+5}
 89946 | Zig:18   | Found the ring of Shadows {Umbra +Inv Stlth+}
 89957 | Zig:18   | Identified the amulet "Gizij" {Acrobat Dex+3 SInv} (You
                  | found it on level 17 of a ziggurat)
 89962 | Zig:18   | Identified the Handbook of Toxic Heat
 89974 | Zig:18   | Identified the +5 short sword "Viyzienio" {freeze, rN+
                  | Stlth+} (You found it on level 17 of a ziggurat)
 90179 | Zig:19   | Entered Level 19 of a ziggurat
 90188 | Zig:19   | Noticed an ancient lich
 90192 | Zig:19   | Killed an ancient lich
 90199 | Zig:19   | Noticed an ancient lich
 90201 | Zig:19   | Noticed an ancient lich
 90203 | Zig:19   | Killed an ancient lich
 90204 | Zig:19   | Killed an ancient lich
 90272 | Zig:19   | Got a shimmering mace
 90276 | Zig:20   | Entered Level 20 of a ziggurat
 90320 | Zig:20   | Reached skill level 10 in Shields
 90385 | Zig:20   | Identified Cajiridd's Tome of Supportive Curses
 90411 | Zig:20   | Identified the +8 mace of Deiffene {antimagic, rF+ Int+2
                  | SInv} (You found it on level 19 of a ziggurat)
 90423 | Zig:21   | Entered Level 21 of a ziggurat
 90447 | Zig:21   | Reached skill level 15 in Armour
 90474 | Zig:21   | Identified the cursed +1 dire flail "Japaken" {crush, rF+
                  | Int+3} (You found it on level 17 of a ziggurat)
 90477 | Zig:21   | Got a slimy lead ring
 90484 | Zig:21   | Identified the Collected Works on the Shifting Compass
 90492 | Zig:21   | Identified the ring of Discretion {Ice MR+} (You found it
                  | on level 21 of a ziggurat)
 90496 | Zig:21   | Got a sparkling bronze amulet
 90622 | Zig:21   | Got an ancient eveningstar
 90628 | Zig:22   | Entered Level 22 of a ziggurat
 90647 | Zig:22   | Noticed an ancient lich
 90649 | Zig:22   | Killed an ancient lich
 90650 | Zig:22   | Noticed an ancient lich
 90655 | Zig:22   | Killed an ancient lich
 90681 | Zig:22   | Identified the Reference Book on Supportive Enhancements
 90704 | Zig:22   | Got a flickering turquoise ring
 90713 | Zig:22   | Got a clouded copper ring
 90755 | Zig:22   | Lost mutation: You are partially covered in yellow scales.
                  | (AC +2) [potion of mutation]
 90755 | Zig:22   | Lost mutation: You are dopey. (Int -2) [potion of mutation]
 90755 | Zig:22   | Lost mutation: You are partially covered in slimy green
                  | scales. (AC +2) [potion of mutation]
 90755 | Zig:22   | Gained mutation: You have a pair of small horns on your
                  | head. [potion of mutation]
 90755 | Zig:22   | Gained mutation: You are dopey. (Int -2) [potion of
                  | mutation]
 90755 | Zig:22   | Gained mutation: You are partially covered in yellow
                  | scales. (AC +2) [potion of mutation]
 90756 | Zig:22   | Lost mutation: You are dopey. (Int -2) [potion of mutation]
 90756 | Zig:22   | Lost mutation: You are partially covered in yellow scales.
                  | (AC +2) [potion of mutation]
 90756 | Zig:22   | Lost mutation: Your magical capacity is low. (-10% MP)
                  | [potion of mutation]
 90756 | Zig:22   | Gained mutation: Your movements are slightly less
                  | encumbered by armour. (ER -2) [potion of mutation]
 90756 | Zig:22   | Gained mutation: You have sharp fingernails. [potion of
                  | mutation]
 90757 | Zig:22   | Lost mutation: You have a pair of small horns on your head.
                  | [potion of mutation]
 90757 | Zig:22   | Lost mutation: You possess an exceptional clarity of mind.
                  | [potion of mutation]
 90757 | Zig:22   | Lost mutation: You are clumsy. (Dex -2) [potion of
                  | mutation]
 90757 | Zig:22   | Gained mutation: You are weak. (Str -2) [potion of
                  | mutation]
 90757 | Zig:22   | Gained mutation: You are agile. (Dex +2) [potion of
                  | mutation]
 90758 | Zig:22   | Lost mutation: Your movements are slightly less encumbered
                  | by armour. (ER -2) [potion of mutation]
 90758 | Zig:22   | Lost mutation: You are agile. (Dex +2) [potion of mutation]
 90758 | Zig:22   | Gained mutation: Your mind is acute. (Int +2) [potion of
                  | mutation]
 90758 | Zig:22   | Gained mutation: You are somewhat resistant to further
                  | mutation. [potion of mutation]
 90758 | Zig:22   | Gained mutation: Your spells are a little harder to cast,
                  | but a little more powerful. [potion of mutation]
 90759 | Zig:22   | Lost mutation: You are weak. (Str -2) [potion of mutation]
 90759 | Zig:22   | Lost mutation: You have sharp fingernails. [potion of
                  | mutation]
 90759 | Zig:22   | Lost mutation: Your spells are a little harder to cast, but
                  | a little more powerful. [potion of mutation]
 90759 | Zig:22   | Gained mutation: You are partially covered in icy blue
                  | scales. (AC +2) [potion of mutation]
 90759 | Zig:22   | Gained mutation: You passively map a small area around you.
                  | [potion of mutation]
 90760 | Zig:22   | Lost mutation: You are somewhat resistant to further
                  | mutation. [potion of mutation]
 90760 | Zig:22   | Lost mutation: Your mind is acute. (Int +2) [potion of
                  | mutation]
 90760 | Zig:22   | Gained mutation: You are agile. (Dex +2) [potion of
                  | mutation]
 90760 | Zig:22   | Gained mutation: You are partially covered in thin metallic
                  | scales. (AC +2) [potion of mutation]
 90761 | Zig:22   | Lost mutation: You passively map a small area around you.
                  | [potion of mutation]
 90761 | Zig:22   | Lost mutation: You are partially covered in thin metallic
                  | scales. (AC +2) [potion of mutation]
 90761 | Zig:22   | Gained mutation: Your mind is acute. (Int +2) [potion of
                  | mutation]
 90761 | Zig:22   | Gained mutation: You can translocate small distances at
                  | will. [potion of mutation]
 90761 | Zig:22   | Gained mutation: Your spells are a little harder to cast,
                  | but a little more powerful. [potion of mutation]
 90761 | Zig:22   | Gained mutation: Your muscles are strong. (Str +2) [potion
                  | of mutation]
 90762 | Zig:22   | Lost mutation: Your mind is acute. (Int +2) [potion of
                  | mutation]
 90762 | Zig:22   | Lost mutation: Your muscles are strong. (Str +2) [potion of
                  | mutation]
 90762 | Zig:22   | Lost mutation: Your spells are a little harder to cast, but
                  | a little more powerful. [potion of mutation]
 90762 | Zig:22   | Lost mutation: You can translocate small distances at will.
                  | [potion of mutation]
 90762 | Zig:22   | Gained mutation: Your spells are a little easier to cast,
                  | but a little less powerful. [potion of mutation]
 90762 | Zig:22   | Gained mutation: You have sharp fingernails. [potion of
                  | mutation]
 90762 | Zig:22   | Gained mutation: You passively map a small area around you.
                  | [potion of mutation]
 90763 | Zig:22   | Lost mutation: Your spells are a little easier to cast, but
                  | a little less powerful. [potion of mutation]
 90763 | Zig:22   | Lost mutation: You are partially covered in icy blue
                  | scales. (AC +2) [potion of mutation]
 90763 | Zig:22   | Lost mutation: You passively map a small area around you.
                  | [potion of mutation]
 90763 | Zig:22   | Lost mutation: You are agile. (Dex +2) [potion of mutation]
 90763 | Zig:22   | Gained mutation: You are weak. (Str -2) [potion of
                  | mutation]
 90763 | Zig:22   | Gained mutation: You passively map a small area around you.
                  | [potion of mutation]
 90763 | Zig:22   | Gained mutation: Your magical capacity is low. (-10% MP)
                  | [potion of mutation]
 90763 | Zig:22   | Gained mutation: You are somewhat resistant to further
                  | mutation. [potion of mutation]
 90764 | Zig:22   | Lost mutation: You passively map a small area around you.
                  | [potion of mutation]
 90764 | Zig:22   | Lost mutation: You are somewhat resistant to further
                  | mutation. [potion of mutation]
 90764 | Zig:22   | Lost mutation: You are weak. (Str -2) [potion of mutation]
 90764 | Zig:22   | Lost mutation: Your magical capacity is low. (-10% MP)
                  | [potion of mutation]
 90764 | Zig:22   | Gained mutation: Your flesh is heat resistant. (rF+)
                  | [potion of mutation]
 90764 | Zig:22   | Gained mutation: You are partially covered in thin metallic
                  | scales. (AC +2) [potion of mutation]
 90765 | Zig:22   | Lost mutation: You have sharp fingernails. [potion of
                  | mutation]
 90765 | Zig:22   | Lost mutation: Your flesh is heat resistant. (rF+) [potion
                  | of mutation]
 90765 | Zig:22   | Lost mutation: You are partially covered in thin metallic
                  | scales. (AC +2) [potion of mutation]
 90765 | Zig:22   | Gained mutation: You are covered in fur. (AC +1) [potion of
                  | mutation]
 90765 | Zig:22   | Gained mutation: You expend magic power (3 MP) to
                  | strengthen your wands. [potion of mutation]
 90765 | Zig:22   | Gained mutation: Your spells are a little harder to cast,
                  | but a little more powerful. [potion of mutation]
 90772 | Zig:22   | Got a brightly glowing golden ring
 90800 | Zig:23   | Entered Level 23 of a ziggurat
 90830 | Zig:23   | Reached skill level 27 in Fire Magic
 90913 | Zig:23   | Identified the ring "Noobihep" {-Tele rElec rPois Int+5}
                  | (You found it on level 22 of a ziggurat)
 90936 | Zig:23   | Identified the amulet of the Lonely Seas {Harm *Drain *Slow
                  | rC+ Int+3} (You found it on level 21 of a ziggurat)
 90945 | Zig:23   | Identified Junusmad's Guide on the Glacial Rocks
 90956 | Zig:23   | Got a colourful robe
 90965 | Zig:24   | Entered Level 24 of a ziggurat
 91296 | Zig:24   | Found the +9 heavy crossbow "Sniper" {velocity, Acc+∞ SInv}
 91322 | Zig:25   | Entered Level 25 of a ziggurat
 91340 | Zig:25   | Noticed a juggernaut
 91340 | Zig:25   | Noticed a juggernaut
 91340 | Zig:25   | Noticed a juggernaut
 91341 | Zig:25   | Noticed a juggernaut
 91342 | Zig:25   | Killed a juggernaut
 91342 | Zig:25   | Noticed a juggernaut
 91343 | Zig:25   | Killed a juggernaut
 91343 | Zig:25   | Noticed a juggernaut
 91343 | Zig:25   | Noticed a juggernaut
 91345 | Zig:25   | Killed a juggernaut
 91346 | Zig:25   | Killed a juggernaut
 91346 | Zig:25   | Killed a juggernaut
 91347 | Zig:25   | Killed a juggernaut
 91347 | Zig:25   | Noticed a juggernaut
 91350 | Zig:25   | Killed a juggernaut
 91350 | Zig:25   | Killed a juggernaut
 91356 | Zig:25   | Noticed a juggernaut
 91359 | Zig:25   | Killed a juggernaut
 91412 | Zig:25   | Found the +6 Majin-Bo {vamp, Archmagi MP+6 Int+6}
 91413 | Zig:25   | Found the +8 orange crystal plate armour {Archmagi, Int+3
                  | Clar}
 91417 | Zig:25   | Found the +2 Maxwell's thermic engine {flame, freeze}
 91478 | Zig:25   | Identified the ring "Ytecsile" {rElec rPois Int+3} (You
                  | found it on level 22 of a ziggurat)
 91480 | Zig:25   | Identified the ring "Puyqae" {Ice Int+2 Stlth+} (You found
                  | it on level 22 of a ziggurat)
 91482 | Zig:25   | Identified the cursed +1 robe "Elidepur" {Str+6} (You found
                  | it on level 23 of a ziggurat)
 91506 | Zig:25   | Identified the ring "Lievus" {Ice rPois rN+ Int-2} (You
                  | found it on level 25 of a ziggurat)
 91537 | Zig:26   | Entered Level 26 of a ziggurat
 91624 | Zig:26   | Found the +12 Vampire's Tooth {vamp}
 91626 | Zig:26   | Found the amulet of the Four Winds {rN+ MR+++ Clar}
 91632 | Zig:26   | Identified the Tome of Nocuous Black Arts
 91779 | Zig:27   | Entered Level 27 of a ziggurat
 91813 | Zig:27   | Reached skill level 27 in Dodging
 91856 | Zig:27   | Identified the Guide on Combat Magic and Ice
 91858 | Zig:27   | Identified the Compendium of Excruciating Good Luck
 91881 | Zig:27   | Identified the cursed +0 ring mail of Punk {Str+3} (You
                  | found it on level 27 of a ziggurat)
 91885 | Zig:27   | Identified the cursed +1 eveningstar of Buoleall {chaos,
                  | rPois} (You found it on level 27 of a ziggurat)
 91892 | Zig:27   | Identified the +7 trident "Paamy" {flame, Str+2 Dex+4} (You
                  | found it on level 27 of a ziggurat)
 91898 | Zig:27   | Got a scorched chain mail
 92403 | Hell     | Entered the Vestibule of Hell
 92403 | Hell     | Noticed Geryon
 92408 | Hell     | Killed Geryon
 92884 | Pan      | Entered Pandemonium
 92891 | Pan      | Noticed Inijum the pandemonium lord
 93004 | Pan      | Killed Inijum the pandemonium lord
 93827 | Pan      | Noticed Mogogeh the pandemonium lord
 93832 | Pan      | Killed Mogogeh the pandemonium lord
 94006 | Pan      | Gained mutation: You are clumsy. (Dex -2) [a neqoxec]
 95055 | Pan      | Entered the realm of Cerebov.
 95156 | Pan      | Identified the +6 sword of Cerebov {flame}
 95156 | Pan      | Noticed Cerebov
 95170 | Pan      | HP: 6/184 [balrug/divine providence (13)]
 95557 | Pan      | Got a faintly humming ring mail
 96226 | Pan      | Identified the +8 scimitar of Fatigue {freeze, rPois Int+2
                  | Stlth+}
 96226 | Pan      | Identified the +2 robe of Slovenliness {*Contam MP+9 Int+3}
 96226 | Pan      | Identified the ring "Goaff" {rN+ Dex+4 Slay-4 SInv}
 96361 | Pan      | Identified the +1 ring mail of Serendipity {MR+ Int+2 Dex+4
                  | SInv} (You found it in Pandemonium)
 96715 | Pan      | HP: 7/184 [Cerebov/great blast of fire (46)]
 96743 | Pan      | Got a fiery rune of Zot
 96844 | Pan      | Reached skill level 15 in Shields
 97519 | Pan      | Noticed a seraph
 97523 | Pan      | Killed a seraph
 97640 | Pan      | Found a glowing golden altar of the Shining One.
 97664 | Pan      | Got a glittering iron amulet
 97670 | Pan      | Got a demonic rune of Zot
 97685 | Pan      | Identified the amulet of Hughom {Spirit Str+4 Dex+3 Slay+5}
                  | (You found it in Pandemonium)
 97691 | Pan      | Got a translucent large shield
 97694 | Pan      | Got a dazzling chain mail
 98104 | Pan      | Identified the +0 large shield of Mirth {rN+} (You acquired
                  | it in Pandemonium)
 98105 | Pan      | Identified the cursed +0 chain mail "Kotinonups" {MR+
                  | Int+3} (You found it in Pandemonium)
 98224 | Pan      | Found a glowing silver altar of Zin.
 98386 | Pan      | Identified the +0 buckler of Insecurity {Str+2}
 98700 | Pan      | Identified the cursed +0 robe of Ryusih Dameq {rN+ Str+2}
 98901 | Pan      | Found an exit through the horrors of the Abyss.
 98920 | Pan      | Noticed Ydach the pandemonium lord
 98922 | Pan      | Killed Ydach the pandemonium lord
 98940 | Pan      | Entered the realm of Mnoleg.
 99139 | Pan      | Gained mutation: You are partially covered in molten
                  | scales. (AC +2) [a cacodemon]
 99160 | Pan      | Gained mutation: Your natural rate of healing is unusually
                  | fast. [a cacodemon]
 99368 | Pan      | Gained mutation: Your body sometimes deteriorates upon
                  | taking damage. [a neqoxec]
 99370 | Pan      | Noticed Mnoleg
 99378 | Pan      | Killed Mnoleg
 99387 | Pan      | Lost mutation: Your body sometimes deteriorates upon taking
                  | damage. [a cacodemon]
 99395 | Pan      | Gained mutation: You occasionally shout uncontrollably at
                  | your foes. [a neqoxec]
 99402 | Pan      | Gained mutation: Armour fits poorly on your strangely
                  | shaped body. [a cacodemon]
 99407 | Pan      | Gained mutation: Your magical capacity is low. (-10% MP) [a
                  | cacodemon]
 99417 | Pan      | Gained mutation: Your body sometimes deteriorates upon
                  | taking damage. [a cacodemon]
 99466 | Pan      | Got a glowing rune of Zot
 99480 | Pan      | Lost mutation: Your natural rate of healing is unusually
                  | fast. [a cacodemon]
 99495 | Pan      | Gained mutation: You are dopey. (Int -2) [a cacodemon]
 99563 | Pan      | Identified the +6 sword of Cerebov {flame}
 99563 | Pan      | Noticed Cerebov
100010 | Pan      | Gained mutation: Your body often deteriorates upon taking
                  | damage. [a cacodemon]
100548 | Pan      | Entered the realm of Gloorx Vloq.
100675 | Pan      | Noticed Gloorx Vloq
100680 | Pan      | Killed Gloorx Vloq
100739 | Pan      | Got a dark rune of Zot
100932 | Pan      | Gained mutation: You are frail. (-10% HP) [a cacodemon]
101075 | Pan      | Found an exit through the horrors of the Abyss.
101240 | Pan      | Noticed Ribit the pandemonium lord
101250 | Pan      | Killed Ribit the pandemonium lord
101499 | Pan      | Noticed Ithepp the pandemonium lord
101522 | Pan      | Killed Ithepp the pandemonium lord
102225 | Pan      | Entered the realm of Lom Lobon.
102283 | Pan      | Noticed Lom Lobon
103101 | Pan      | Killed Lom Lobon
103140 | Pan      | Got a magical rune of Zot
103364 | Pan      | Found an exit through the horrors of the Abyss.
103389 | Pan      | Took an exit into the Abyss.
103389 | Abyss:1  | Escaped into the Abyss
103398 | Abyss:1  | Found a corrupted altar of Lugonu.
103756 | Abyss:1  | Got a warped glass ring
103757 | Abyss:1  | Identified the ring "Toomot" {rPois rF+} (You found it on
                  | level 1 of the Abyss)
104048 | Abyss:2  | Found the +0 Maxwell's etheric cage {RegenMP+ *Contam rElec
                  | MP+4}
104192 | Abyss:2  | Found a corrupted altar of Lugonu.
104419 | Abyss:2  | Reached skill level 10 in Charms
104625 | Abyss:2  | Identified the +5 bardiche of the Shoals {freeze, Dex+4}
                  | (You found it on level 2 of the Abyss)
104691 | Abyss:3  | Found a corrupted altar of Lugonu.
104821 | Abyss:3  | Found a hide-covered altar of Uskayaw.
104959 | Abyss:4  | Found a transporter.
105009 | Abyss:4  | Found a transporter.
105016 | Abyss:4  | Found a transporter.
105018 | Abyss:4  | Got an abyssal rune of Zot
105289 | Abyss:5  | Entered Level 5 of the Abyss
105289 | Abyss:5  | Entered Level 5 of the Abyss
105401 | Abyss:5  | Found a corrupted altar of Lugonu.
105403 | Depths:2 | Escaped the Abyss
105704 | Lair:1   | Lost mutation: You expend magic power (3 MP) to strengthen
                  | your wands. [potion of mutation]
105704 | Lair:1   | Lost mutation: You are frail. (-10% HP) [potion of
                  | mutation]
105705 | Lair:1   | Lost mutation: Your magical capacity is low. (-10% MP)
                  | [potion of mutation]
105705 | Lair:1   | Lost mutation: You are partially covered in molten scales.
                  | (AC +2) [potion of mutation]
105705 | Lair:1   | Lost mutation: Armour fits poorly on your strangely shaped
                  | body. [potion of mutation]
105705 | Lair:1   | Gained mutation: You are very clumsy. (Dex -4) [potion of
                  | mutation]
105705 | Lair:1   | Gained mutation: Your magical capacity is low. (-10% MP)
                  | [potion of mutation]
105705 | Lair:1   | Gained mutation: Your flesh is cold resistant. (rC+)
                  | [potion of mutation]
105706 | Lair:1   | Lost mutation: You are very clumsy. (Dex -4) [potion of
                  | mutation]
105706 | Lair:1   | Lost mutation: You are clumsy. (Dex -2) [potion of
                  | mutation]
105706 | Lair:1   | Lost mutation: Your body often deteriorates upon taking
                  | damage. [potion of mutation]
105706 | Lair:1   | Lost mutation: Your spells are a little harder to cast, but
                  | a little more powerful. [potion of mutation]
105706 | Lair:1   | Gained mutation: You are covered in thick fur. (AC +2)
                  | [potion of mutation]
105706 | Lair:1   | Gained mutation: You are partially covered in molten
                  | scales. (AC +2) [potion of mutation]
106024 | Vaults:5 | Reached skill level 1 in Summonings
106024 | Vaults:5 | Reached skill level 1 in Necromancy
106125 | Vaults:5 | Reached skill level 5 in Necromancy
106136 | Vaults:5 | Reached skill level 5 in Summonings
106154 | Vaults:5 | Identified the cursed +0 spear of the Dove {protect,
                  | Fragile rN+ Str+2}
106154 | Vaults:5 | Identified the +9 trident "Pekh" {pierce, rN+ Int+4 Dex+2}
106155 | Vaults:5 | Paralysed by a floating eye for 3 turns
106430 | Vaults:5 | Got a silver rune of Zot
106536 | Vaults:5 | Identified Zemaklar's Grimoire of Syndicalism
106594 | Vaults:5 | Noticed an ancient lich
106602 | Vaults:5 | Killed an ancient lich
107716 | Hell     | Found a gateway to the Iron City of Dis.
107759 | Hell     | Found a gateway to the decaying netherworld of Tartarus.
107823 | Hell     | Found a gateway to the freezing wastes of Cocytus.
107852 | Coc:1    | Entered Level 1 of Cocytus
107880 | Coc:1    | You fall through a shaft!
107898 | Coc:2    | Reached skill level 10 in Necromancy
108271 | Coc:5    | Reached skill level 10 in Summonings
108348 | Coc:7    | Entered Level 7 of Cocytus
108949 | Coc:7    | Noticed Antaeus
108960 | Coc:7    | Killed Antaeus
109048 | Coc:7    | Got a bound ivory amulet
109050 | Coc:7    | Got an icy rune of Zot
109052 | Coc:7    | Got a translucent silver amulet
109054 | Coc:7    | Got an ancient turquoise ring
109090 | Coc:7    | Identified the amulet "Turixtej" {+Blink +Rage Dex+4} (You
                  | found it on level 7 of Cocytus)
109091 | Coc:7    | Identified the ring "Ekaqamih" {Str+4 SInv} (You found it
                  | on level 7 of Cocytus)
109092 | Coc:7    | Identified the amulet of Lureamump {Gourm Str+2 Dex+3} (You
                  | found it on level 7 of Cocytus)
109233 | Tar:1    | Entered Level 1 of Tartarus
109536 | Tar:2    | Gained mutation: Your spells are a little easier to cast,
                  | but a little less powerful. [mutagenic glow]
109579 | Tar:2    | Reached skill level 15 in Charms
109591 | Tar:3    | Gained mutation: Your body often deteriorates upon taking
                  | damage. [mutagenic glow]
109652 | Tar:3    | Gained mutation: Scrolls take you a little longer to read.
                  | [mutagenic glow]
109708 | Tar:4    | Gained mutation: You are frail. (-10% HP) [mutagenic glow]
109936 | Tar:6    | You fall through a shaft!
109936 | Tar:7    | Entered Level 7 of Tartarus
110309 | Tar:7    | Noticed Ereshkigal
110327 | Tar:7    | Killed Ereshkigal
110366 | Tar:7    | Got a vibrating bronze amulet
110368 | Tar:7    | Got a bone rune of Zot
111007 | Tar:7    | Mangled by an ettin zombie

Skill      XL: |  1  2  3  4  5  6  7  8  9 10 11 12 13 14 15 16 17 18 19 20 21 22 23 24 25 26 27 |
---------------+----------------------------------------------------------------------------------+-----
Conjurations   | 2 3 5 7 9 11 12 14 16 17 18 19 21 22 23 24 25 26 27 | 27.0
Spellcasting   | 4 5 6 7 9 11 13 15 17 18 20 21 23 24 25 26 27 | 27.0
Fighting       | 2 4 6 8 9 10 11 12 13 14 15 16 26 | 26.2
Fire Magic     | 5 7 9 11 12 13 15 16 18 19 27 | 27.0
Dodging        | 3 7 10 12 14 16 17 19 27 | 27.0
Charms         | 2 7 9 16 | 16.2
Armour         | 3 6 9 10 22 | 22.2
Shields        | 2 4 19 | 19.8
Summonings     | 13 | 13.8
Necromancy     | 14 | 14.5
Stealth        | |  2.4

Action                   |  1- 3 |  4- 6 |  7- 9 | 10-12 | 13-15 | 16-18 | 19-21 | 22-24 | 25-27 || total
-------------------------+-------+-------+-------+-------+-------+-------+-------+-------+-------++-------
Melee: Dagger            |    57 |     3 |       |       |       |       |       |       |       ||    60
       Spear             |       |    68 |       |       |       |       |       |       |       ||    68
       Unarmed           |       |     5 |       |       |       |       |       |       |       ||     5
       Mace              |       |     4 |    54 |       |       |       |       |       |       ||    58
       Staff             |       |       |    65 |    55 |   109 |    12 |    20 |       |       ||   261
       Rapier            |       |       |       |       |       |       |     8 |   104 |   614 ||   726
 Cast: Flame Tongue      |    73 |    69 |   250 |   124 |   134 |    11 |    29 |     8 |    15 ||   713
       Conjure Flame     |       |     1 |     4 |     3 |       |       |       |       |       ||     8
       Sticky Flame      |       |     4 |    30 |    28 |       |       |       |       |       ||    62
       Fireball          |       |       |    10 |   107 |   170 |    58 |    12 |     5 |       ||   362
       Bolt of Magma     |       |       |       |    32 |    22 |    10 |    31 |     5 |       ||   100
       Orb of Destructio |       |       |       |    26 |   147 |   482 |   370 |   169 |   652 ||  1846
       Blink             |       |       |       |     1 |     2 |    15 |    27 |     3 |   119 ||   167
       Freezing Cloud    |       |       |       |       |   146 |   120 |   126 |     7 |       ||   399
       Passwall          |       |       |       |       |       |     2 |       |       |       ||     2
       Deflect Missiles  |       |       |       |       |       |       |     3 |     2 |     7 ||    12
       Fire Storm        |       |       |       |       |       |       |    22 |   194 |  1293 ||  1509
       Lee's Rapid Decon |       |       |       |       |       |       |       |       |    25 ||    25
       Regeneration      |       |       |       |       |       |       |       |       |    69 ||    69
       Ignition          |       |       |       |       |       |       |       |       |     4 ||     4
       Spellforged Servi |       |       |       |       |       |       |       |       |     2 ||     2
 Abil: Evoke Blink       |       |       |       |       |       |       |       |       |     5 ||     5
Evoke: Wand              |       |       |       |     4 |     7 |    12 |     5 |     4 |     3 ||    35
       Lightning rod     |       |       |       |       |       |     4 |    11 |     4 |    12 ||    31
       Lamp of fire      |       |       |       |       |       |     1 |     3 |     2 |     5 ||    11
       Sack of spiders   |       |       |       |       |       |       |       |     1 |     6 ||     7
       Box of beasts     |       |       |       |       |       |       |       |       |     2 ||     2
       Phantom mirror    |       |       |       |       |       |       |       |       |     1 ||     1
  Use: Scroll            |       |       |    20 |    17 |    17 |    13 |    20 |    13 |    99 ||   199
       Potion            |       |       |     6 |     3 |     3 |     5 |     2 |     2 |    51 ||    72
 Stab: Sleeping          |     7 |     5 |     2 |       |       |       |       |       |       ||    14
       Confused          |       |     1 |       |       |       |       |       |       |       ||     1
  Eat: Chunk             |     3 |     6 |    20 |    28 |    51 |    32 |    31 |     7 |    68 ||   246
       Ration            |       |       |     1 |     2 |     1 |     6 |     4 |    16 |    60 ||    90
Armor: Robe              |     4 |       |       |    41 |    99 |    74 |       |       |       ||   218
       Leather armour    |    18 |    26 |   108 |    24 |       |       |       |       |       ||   176
       Skin              |       |     1 |       |       |       |       |       |       |       ||     1
       Troll leather arm |       |       |       |       |       |    37 |    69 |    52 |     5 ||   163
       Acid dragon scale |       |       |       |       |       |       |       |       |   310 ||   310
Dodge: Dodged            |    62 |    63 |   213 |    86 |   137 |   219 |   285 |   204 |  1485 ||  2754
       Deflected         |       |       |       |       |       |       |    26 |    10 |    78 ||   114
Block: Buckler           |       |       |    36 |    21 |    55 |    54 |    67 |    60 |   683 ||   976
